Workbook
Name solver_cvg: 0.0001
Name solver_cvg: 0.0001
Name solver_drv: 1
Name solver_drv: 1
Name solver_est: 1
Name solver_est: 1
Name solver_itr: 100
Name solver_itr: 100
Name solver_lin: 2
Name solver_lin: 2
Name solver_neg: 2
Name solver_neg: 2
Name solver_num: 0
Name solver_num: 0
Name solver_nwt: 1
Name solver_nwt: 1
Name solver_pre: 0.000001
Name solver_pre: 0.000001
Name solver_scl: 2
Name solver_scl: 2
Name solver_sho: 2
Name solver_sho: 2
Name solver_tim: 100
Name solver_tim: 100
Name solver_tol: 0.05
Name solver_tol: 0.05
Name solver_typ: 1
Name solver_typ: 1
Name solver_val: 0
Name solver_val: 0
Name solver_opt: 'HelpDesk Data - 1'!$A$1
Name solver_opt: 'HelpDesk Data'!$A$1

Sheet Index Sheet
C3: Sheet Index
C4: Sl. No. | D4: Sheet Name
C5: 'AND - OR - NOT'!A1 | D5: AND - OR - NOT
C6: 'COUNT - COUNTA - COUNTBLANK'!A1 | D6: COUNT - COUNTA - COUNTBLANK
C7: 'COUNTIF'!A1 | D7: COUNTIF
C8: 'MAX - MIN'!A1 | D8: MAX - MIN
C9: 'LARGE - SMALL'!A1 | D9: LARGE - SMALL
C10: 'UPPER - LOWER - PROPER'!A1 | D10: UPPER - LOWER - PROPER
C11: 'RIGHT'!A1 | D11: RIGHT
C12: 'LEFT'!A1 | D12: LEFT
C13: 'MID'!A1 | D13: MID
C14: 'POWER'!A1 | D14: POWER
C15: 'SUM - SUMIF'!A1 | D15: SUM - SUMIF
... C33: 'OFFSET'!A1 | D33: OFFSET

Sheet AND - OR - NOT
B2: AND | H2: Students | I2: E | J2: H | K2: M
B3: TRUE | C3: All conditions are true | F3: =AND(2<5,8=8,4/2=2) -> TRUE | H3: A | I3: 88 | J3: 88 | K3: 97 | L3: =AND(I3>90,J3>90,K3>90) -> FALSE | M3: =OR(I3>90,J3>90,K3>90) -> TRUE
B4: FALSE | C4: Any of the conditions are false | F4: =AND(2<5,8>8,4/2=2) -> FALSE | H4: B | I4: 56 | J4: 78 | K4: 99 | L4: =AND(I4>90,J4>90,K4>90) -> FALSE | M4: =OR(I4>90,J4>90,K4>90) -> TRUE
H5: C | I5: 92 | J5: 98 | K5: 91 | L5: =AND(I5>90,J5>90,K5>90) -> TRUE | M5: =OR(I5>90,J5>90,K5>90) -> TRUE
B6: OR | H6: D | I6: 55 | J6: 57 | K6: 55 | L6: =AND(I6>90,J6>90,K6>90) -> FALSE | M6: =OR(I6>90,J6>90,K6>90) -> FALSE
B7: TRUE | C7: Any of the conditions are true | F7: =OR(2<5,8>8,4/2=2) -> TRUE | I7: =NOT(I3>90) -> TRUE
B8: FALSE | C8: All the conditions are False | F8: =OR(2>5,8>8,4/2<2) -> FALSE
J9: TRUE | K9: FALSE
B10: NOT | I10: AND | J10: ALL TRUE | K10: ANY FALSE
B11: TRUE | C11: Condition is False | F11: =NOT(5>5) -> TRUE | I11: OR | J11: ANY TRUE | K11: ALL FALSE
B12: FALSE | C12: Condition is True | F12: =NOT(5=5) -> FALSE

Sheet COUNT - COUNTA - COUNTBLANK
A1: Items
A2: Amarjeet Singh | C2: COUNT | D2: Count numbers in a range | G2: =COUNT(A2:A13) -> 5
A3: Mohit Malik
A4: Gaurav Khanna | C4: COUNTA | D4: Count non blank cells in a range | G4: =COUNTA(A2:A13) -> 11
A5: Praveen Sharma
A6: Anoop Kumar Singh | C6: COUNTBLANK | D6: Count blank cells in a range | G6: =COUNTBLANK(A2:A13) -> 1
A7: Mukesh Jaswal
A8: 1
A9: 2 | F9: =COUNTA(A2:A13)-COUNT(A2:A13) -> 6
A10: 5
A12: 9
A13: 48

Sheet COUNTIF
A1: Date | B1: Customer | C1: Transaction | D1: Item | E1: Units
A2: 39066 | B2: Howard | C2: Purchase | D2: Cake | E2: 7 | G2: Count of Customer Jones | H2: =COUNTIF(B:B,"jones") -> 6 | J2: coke | K2: =COUNTIF(D:D,J2) -> 2
A3: 39069 | B3: Kumar Amit Sharma | C3: Sale | D3: Binder | E3: 85 | J3: Pen Set | K3: =COUNTIF(D:D,J3) -> 20
A4: 39072 | B4: Howard | C4: Sale | D4: Pen Set | E4: 62 | G4: Count of Item Pen Set | H4: =COUNTIF(D:D,"pen set") -> 20 | J4: cake | K4: =COUNTIF(D:D,J4) -> 2
A5: 39075 | B5: Gill | C5: Purchase | D5: Pen | E5: 58 | J5: Coke | K5: =COUNTIF(D:D,J5) -> 2
A6: 39078 | B6: Amit | C6: Sale | D6: Binder | E6: 10 | G6: Count of Transaction Purchase | H6: =COUNTIF(C:C,"purchase") -> 24
A7: 39081 | B7: Anderson | C7: Sale | D7: Cake | E7: 24
A8: 39084 | B8: Anderson | C8: Purchase | D8: Pen Set | E8: 6 | G8: Count of Item Pen Set & Binder | H8: =COUNTIF(D:D,"pen set")+COUNTIF(D:D,"binder") -> 37
A9: 39087 | B9: Howard | C9: Purchase | D9: Pen Set | E9: 10
A10: 39090 | B10: Howard | C10: Sale | D10: Pen Set | E10: 39
A11: 39093 | B11: JONES | C11: Sale | D11: Coke | E11: 1 | H11: =COUNTIFS(B:B,"jones",C:C,"sale") -> 4
A12: 39096 | B12: Amit Sharma | C12: Purchase | D12: Pen Set | E12: 80
A13: 39099 | B13: Howard | C13: Sale | D13: Binder | E13: 51
A14: 39102 | B14: Parent | C14: Purchase | D14: Coke | E14: 10
A15: 39105 | B15: Jones | C15: Sale | D15: Pen Set | E15: 15
A16: 39108 | B16: Anderson | C16: Purchase | D16: Desk | E16: 31
A17: 39111 | B17: Jones | C17: Purchase | D17: Pen Set | E17: 46
A18: 39114 | B18: Kivell | C18: Purchase | D18: Binder | E18: 61
A19: 39117 | B19: JONES | C19: Sale | D19: Pen | E19: 90
A20: 39120 | B20: Parent | C20: Sale | D20: Pen | E20: 40
A21: 39123 | B21: Kivell | C21: Sale | D21: Pen Set | E21: 32
A22: 39126 | B22: Smith | C22: Purchase | D22: Pen Set | E22: 37
A23: 39129 | B23: Parent | C23: Purchase | D23: Pen Set | E23: 26
... A50: 39210 | B50: Gill | C50: Sale | D50: Binder | E50: 19

Sheet MAX - MIN
A1: Agent Name | B1: Calls
A2: Amarjeet Singh | B2: 38
A3: Sachin Kumar Sharma | B3: 45 | E3: Max Calls | F3: =MAX(B:B) -> 199 | G3: =LARGE(B:B,1) -> 199
A4: Mohit Malik | B4: 47 | E4: Min Calls | F4: =MIN(B:B) -> 1
A5: Deepak Sharma | B5: 54
A6: Kratika Bhatnagar | B6: 56
A7: Gaurav Khanna | B7: 65
A8: Asif Khan | B8: 54
A9: Kratika Bhatnagar | B9: 53
A10: Deepak Sharma | B10: 50
A11: Praveen Sharma | B11: 12
A12: Ravi Ranjan | B12: 3
A13: Vivek Pant | B13: 67
A14: Pallavi Srivastava | B14: 25
A15: Anoop Kumar Singh | B15: 61
A16: Shivam Kumar Gupta | B16: 42
... A113: Sukhdev | B113: 34

Sheet LARGE - SMALL
A1: Item | B1: Unit Cost
A2: Alice Mutton | B2: 21.97 | D2: Top 5 Price | G2: Least 5 Price
A3: Aniseed Syrup | B3: 5.24 | D3: 1 | E3: =LARGE($B$2:$B$41,D3) -> 275 | G3: 1 | H3: =SMALL($B$2:$B$41,G3) -> 1.22
A4: Boston Crab Meat | B4: 1.22 | D4: 2 | E4: =LARGE($B$2:$B$41,D4) -> 125 | G4: 2 | H4: =SMALL($B$2:$B$41,G4) -> 1.24
A5: Carnarvon Tigers | B5: 54.12 | D5: 3 | E5: =LARGE($B$2:$B$41,D5) -> 79 | G5: 3 | H5: =SMALL($B$2:$B$41,G5) -> 1.27
A6: Chai | B6: 1.91 | D6: 4 | E6: =LARGE($B$2:$B$41,D6) -> 54.12 | G6: 4 | H6: =SMALL($B$2:$B$41,G6) -> 1.29
A7: Chang | B7: 4.12 | D7: 5 | E7: =LARGE($B$2:$B$41,D7) -> 35.47 | G7: 5 | H7: =SMALL($B$2:$B$41,G7) -> 1.91
A8: Chartreuse verte | B8: 19.99
A9: Chef Anton's Cajun Seasoning | B9: 4.79
A10: Chef Anton's Gumbo Mix | B10: 35.47 | D10: =LARGE(B:B,3) -> 79
A11: Côte de Blaye | B11: 5.47 | D11: =SMALL(B:B,4) -> 1.29
A12: Geitost | B12: 5.4
A13: Genen Shouyu | B13: 79
A14: Gorgonzola Telino | B14: 2.15
A15: Grandma's Boysenberry Spread | B15: 2.99
A16: Gravad lax | B16: 1.24
A17: Guaraná Fantástica | B17: 15
A18: Gumbär Gummibärchen | B18: 12.74
A19: Gustaf's Knäckebröd | B19: 15.99
A20: Ikura | B20: 16.54
A21: Inlagd Sill | B21: 275
A22: Konbu | B22: 3.78
A23: Mascarpone Fabioli | B23: 125
... A41: Uncle Bob's Organic Dried Pears | B41: 1.92

Sheet UPPER - LOWER - PROPER
A1: Names | B1: UPPER CASE | C1: lower case | D1: Proper Case
A2: amarJEET SINGH | B2: =UPPER(A2) -> AMARJEET SINGH | C2: =LOWER(A2) -> amarjeet singh | D2: =PROPER(A2) -> Amarjeet Singh
A3: SACHIN KUMAR GUPTA | B3: =UPPER(A3) -> SACHIN KUMAR GUPTA | C3: =LOWER(A3) -> sachin kumar gupta | D3: =PROPER(A3) -> Sachin Kumar Gupta
A4: Mohit Malik | B4: =UPPER(A4) -> MOHIT MALIK | C4: =LOWER(A4) -> mohit malik | D4: =PROPER(A4) -> Mohit Malik
A5: deepal kumar | B5: =UPPER(A5) -> DEEPAL KUMAR | C5: =LOWER(A5) -> deepal kumar | D5: =PROPER(A5) -> Deepal Kumar
A6: Kratika Bhatnagar | B6: =UPPER(A6) -> KRATIKA BHATNAGAR | C6: =LOWER(A6) -> kratika bhatnagar | D6: =PROPER(A6) -> Kratika Bhatnagar | H6: i am here | J6: =CONCATENATE(UPPER(LEFT(H6,1)),LOWER(RIGHT(H6,LEN(H6)-1))) -> I am here
A7: Gaurav KHANNA | B7: =UPPER(A7) -> GAURAV KHANNA | C7: =LOWER(A7) -> gaurav khanna | D7: =PROPER(A7) -> Gaurav Khanna
A8: ASIF KHAN | B8: =UPPER(A8) -> ASIF KHAN | C8: =LOWER(A8) -> asif khan | D8: =PROPER(A8) -> Asif Khan
A9: Ajaj Kumar Rana | B9: =UPPER(A9) -> AJAJ KUMAR RANA | C9: =LOWER(A9) -> ajaj kumar rana | D9: =PROPER(A9) -> Ajaj Kumar Rana
A10: Aakash Bhutani | B10: =UPPER(A10) -> AAKASH BHUTANI | C10: =LOWER(A10) -> aakash bhutani | D10: =PROPER(A10) -> Aakash Bhutani
A11: PRAVEEN sharma | B11: =UPPER(A11) -> PRAVEEN SHARMA | C11: =LOWER(A11) -> praveen sharma | D11: =PROPER(A11) -> Praveen Sharma
A12: ravi ranjan | B12: =UPPER(A12) -> RAVI RANJAN | C12: =LOWER(A12) -> ravi ranjan | D12: =PROPER(A12) -> Ravi Ranjan
A13: Vivek Pant | B13: =UPPER(A13) -> VIVEK PANT | C13: =LOWER(A13) -> vivek pant | D13: =PROPER(A13) -> Vivek Pant
A14: Pallavi Srivastava | B14: =UPPER(A14) -> PALLAVI SRIVASTAVA | C14: =LOWER(A14) -> pallavi srivastava | D14: =PROPER(A14) -> Pallavi Srivastava
A15: Anoop Kumar Singh | B15: =UPPER(A15) -> ANOOP KUMAR SINGH | C15: =LOWER(A15) -> anoop kumar singh | D15: =PROPER(A15) -> Anoop Kumar Singh
A16: Shivam Kumar Gupta | B16: =UPPER(A16) -> SHIVAM KUMAR GUPTA | C16: =LOWER(A16) -> shivam kumar gupta | D16: =PROPER(A16) -> Shivam Kumar Gupta
A17: AKHil gUPta | B17: =UPPER(A17) -> AKHIL GUPTA | C17: =LOWER(A17) -> akhil gupta | D17: =PROPER(A17) -> Akhil Gupta
A18: Yatish Kumar | B18: =UPPER(A18) -> YATISH KUMAR | C18: =LOWER(A18) -> yatish kumar | D18: =PROPER(A18) -> Yatish Kumar
... A24: Rahul Aggarwal | B24: =UPPER(A24) -> RAHUL AGGARWAL | C24: =LOWER(A24) -> rahul aggarwal | D24: =PROPER(A24) -> Rahul Aggarwal

Sheet RIGHT
A1: Product | B1: Product Code | C1: Product ID
A2: Chai | B2: A1BGH-468 | C2: =RIGHT(B2,3) -> 468
A3: Chang | B3: WW4EG-596 | C3: =RIGHT(B3,3) -> 596
A4: Aniseed Syrup | B4: DDEE-715 | C4: =RIGHT(B4,3) -> 715 | G4: ABC-DEF | H4: =LEFT(G4,SEARCH("-",G4)-1) -> ABC | I4: =RIGHT(G4,LEN(G4)-SEARCH("-",G4)) -> DEF
A5: Chef Anton's Cajun Seasoning | B5: DF1F4FG-683 | C5: =RIGHT(B5,3) -> 683 | G5: ABCDE-RT | H5: =LEFT(G5,SEARCH("-",G5)-1) -> ABCDE | I5: =RIGHT(G5,LEN(G5)-SEARCH("-",G5)) -> RT
A6: Chef Anton's Gumbo Mix | B6: ERERDE4-673 | C6: =RIGHT(B6,3) -> 673 | G6: AB-YU6YUV | H6: =LEFT(G6,SEARCH("-",G6)-1) -> AB | I6: =RIGHT(G6,LEN(G6)-SEARCH("-",G6)) -> YU6YUV
A7: Grandma's Boysenberry Spread | B7: 2GG2TW-591 | C7: =RIGHT(B7,3) -> 591 | G7: ABC-DEFGGHGGG-HIJ | H7: =LEFT(G7,SEARCH("-",G7)-1) -> ABC | I7: =LEFT(RIGHT(G7,LEN(G7)-SEARCH("-",G7)),SEARCH("-",RIGHT(G7,LEN(G7)-SEARCH("-",G7)))-1) -> DEFGGHGGG | J7: =RIGHT(RIGHT(G7,LEN(G7)-SEARCH("-",G7)),LEN(RIGHT(G7,LEN(G7)-SEARCH("-",G7)))-SEARCH("-",RIGHT(G7,LEN(G7)-SEARCH("-",G7)))) -> HIJ
A8: Uncle Bob's Organic Dried Pears | B8: EHDHD4GG-283 | C8: =RIGHT(B8,3) -> 283
A9: Northwoods Cranberry Sauce | B9: IFJFUF1-283 | C9: =RIGHT(B9,3) -> 283
A10: Mishi Kobe Niku | B10: DDDG1-630 | C10: =RIGHT(B10,3) -> 630
A11: Ikura | B11: DE14-569 | C11: =RIGHT(B11,3) -> 569
A12: Queso Cabrales | B12: 84E-702 | C12: =RIGHT(B12,3) -> 702
A13: Queso Manchego La Pastora | B13: 1VF-737 | C13: =RIGHT(B13,3) -> 737 | I13: =RIGHT(G7,LEN(G7)-SEARCH("-",G7)) -> DEFGGHGGG-HIJ
A14: Konbu | B14: W12-652 | C14: =RIGHT(B14,3) -> 652
A15: Tofu | B15: OI71-291 | C15: =RIGHT(B15,3) -> 291
A16: Genen Shouyu | B16: WEWDSR4-855 | C16: =RIGHT(B16,3) -> 855
A17: Pavlova | B17: FUFNFH2-711 | C17: =RIGHT(B17,3) -> 711
A18: Alice Mutton | B18: 22QA3QH-548 | C18: =RIGHT(B18,3) -> 548
A19: Carnarvon Tigers | B19: ERDTD7-860 | C19: =RIGHT(B19,3) -> 860
A20: Teatime Chocolate Biscuits | B20: NFHF45-479 | C20: =RIGHT(B20,3) -> 479
A21: Sir Rodney's Marmalade | B21: LDJDUD44-807 | C21: =RIGHT(B21,3) -> 807
A22: Sir Rodney's Scones | B22: D4D84X-639 | C22: =RIGHT(B22,3) -> 639
A23: Gustaf's Knäckebröd | B23: DSCSFS-800 | C23: =RIGHT(B23,3) -> 800
A24: Tunnbröd | B24: ETE5E7E-285 | C24: =RIGHT(B24,3) -> 285
A25: Guaraná Fantástica | B25: UVJGFGUY4-477 | C25: =RIGHT(B25,3) -> 477
... A78: Original Frankfurter grüne Soße | B78: BETTEG-644 | C78: =RIGHT(B78,3) -> 644

Sheet LEFT
A1: Product | B1: Product Code | C1: Product ID
A2: Chai | B2: 466#A1BGH | C2: =LEFT(B2,3) -> 466
A3: Chang | B3: 596#WW4EG | C3: =LEFT(B3,3) -> 596 | G3: 466#A1BGH | H3: =LEFT(G3,SEARCH("#",G3)-1) -> 466 | I3: =RIGHT(G3,LEN(G3)-SEARCH("#",G3)) -> A1BGH
A4: Aniseed Syrup | B4: 715#DDEE | C4: =LEFT(B4,3) -> 715 | G4: 596#WW4EG | H4: =LEFT(G4,SEARCH("#",G4)-1) -> 596 | I4: =RIGHT(G4,LEN(G4)-SEARCH("#",G4)) -> WW4EG
A5: Chef Anton's Cajun Seasoning | B5: 683#DF1F4FG | C5: =LEFT(B5,3) -> 683 | G5: 7153#DDEE | H5: =LEFT(G5,SEARCH("#",G5)-1) -> 7153 | I5: =RIGHT(G5,LEN(G5)-SEARCH("#",G5)) -> DDEE
A6: Chef Anton's Gumbo Mix | B6: 673#ERERDE4 | C6: =LEFT(B6,3) -> 673 | G6: 683334#DF1F4FG | H6: =LEFT(G6,SEARCH("#",G6)-1) -> 683334 | I6: =RIGHT(G6,LEN(G6)-SEARCH("#",G6)) -> DF1F4FG
A7: Grandma's Boysenberry Spread | B7: 591#2GG2TW | C7: =LEFT(B7,3) -> 591 | G7: 673#ERERDE4 | H7: =LEFT(G7,SEARCH("#",G7)-1) -> 673 | I7: =RIGHT(G7,LEN(G7)-SEARCH("#",G7)) -> ERERDE4
A8: Uncle Bob's Organic Dried Pears | B8: 283#EHDHD4GG | C8: =LEFT(B8,3) -> 283
A9: Northwoods Cranberry Sauce | B9: 283#IFJFUF1 | C9: =LEFT(B9,3) -> 283
A10: Mishi Kobe Niku | B10: 630#DDDG1 | C10: =LEFT(B10,3) -> 630
A11: Ikura | B11: 569#DE14 | C11: =LEFT(B11,3) -> 569 | G11: Amit Sharma | H11: =LEFT(G11,SEARCH(" ",G11)-1) -> Amit | I11: =RIGHT(G11,LEN(G11)-SEARCH(" ",G11)) -> Sharma
A12: Queso Cabrales | B12: 702#84E | C12: =LEFT(B12,3) -> 702 | G12: Rajeev Gupta | H12: =LEFT(G12,SEARCH(" ",G12)-1) -> Rajeev | I12: =RIGHT(G12,LEN(G12)-SEARCH(" ",G12)) -> Gupta
A13: Queso Manchego La Pastora | B13: 737#1VF | C13: =LEFT(B13,3) -> 737
A14: Konbu | B14: 652#W12 | C14: =LEFT(B14,3) -> 652
A15: Tofu | B15: 291#OI71 | C15: =LEFT(B15,3) -> 291
A16: Genen Shouyu | B16: 855#WEWDSR4 | C16: =LEFT(B16,3) -> 855
A17: Pavlova | B17: 711#FUFNFH2 | C17: =LEFT(B17,3) -> 711
A18: Alice Mutton | B18: 548#22QA3QH | C18: =LEFT(B18,3) -> 548
A19: Carnarvon Tigers | B19: 860#ERDTD7 | C19: =LEFT(B19,3) -> 860
A20: Teatime Chocolate Biscuits | B20: 479#NFHF45 | C20: =LEFT(B20,3) -> 479
A21: Sir Rodney's Marmalade | B21: 807#LDJDUD44 | C21: =LEFT(B21,3) -> 807
A22: Sir Rodney's Scones | B22: 639#D4D84X | C22: =LEFT(B22,3) -> 639
A23: Gustaf's Knäckebröd | B23: 800#DSCSFS | C23: =LEFT(B23,3) -> 800
A24: Tunnbröd | B24: 285#ETE5E7E | C24: =LEFT(B24,3) -> 285
... A78: Original Frankfurter grüne Soße | B78: 644#BETTEG | C78: =LEFT(B78,3) -> 644

Sheet MID
A1: Product | B1: Product Code | C1: Product ID
A2: Chai | B2: DDF-463-A1B | C2: =MID(B2,5,3) -> 463 | F2: Amit Kumar | G2: =LEFT(F2,SEARCH(" ",F2)-1) -> Amit | H2: =RIGHT(F2,LEN(F2)-SEARCH(" ",F2)) -> Kumar | I2: =LEN(F2)-SEARCH(" ",F2) -> 5
A3: Chang | B3: RTF-596-WW4 | C3: =MID(B3,5,3) -> 596 | F3: Sachin Sharma | G3: =LEFT(F3,SEARCH(" ",F3)-1) -> Sachin | H3: =RIGHT(F3,LEN(F3)-SEARCH(" ",F3)) -> Sharma
A4: Aniseed Syrup | B4: UTY-715-DDE | C4: =MID(B4,5,3) -> 715 | F4: Amit Kumar Sharma | G4: =LEFT(F4,SEARCH(" ",F4)-1) -> Amit | H4: =LEFT(RIGHT(F4,LEN(F4)-SEARCH(" ",F4)),SEARCH(" ",RIGHT(F4,LEN(F4)-SEARCH(" ",F4)))-1) -> Kumar | I4: =RIGHT(RIGHT(F4,LEN(F4)-SEARCH(" ",F4)),LEN(RIGHT(F4,LEN(F4)-SEARCH(" ",F4)))-SEARCH(" ",RIGHT(F4,LEN(F4)-SEARCH(" ",F4)))) -> Sharma
A5: Chef Anton's Cajun Seasoning | B5: HFB-683-DF1 | C5: =MID(B5,5,3) -> 683
A6: Chef Anton's Gumbo Mix | B6: HFG-673-ERE | C6: =MID(B6,5,3) -> 673
A7: Grandma's Boysenberry Spread | B7: EWS-591-2GG | C7: =MID(B7,5,3) -> 591
A8: Uncle Bob's Organic Dried Pears | B8: KB1-283-EHD | C8: =MID(B8,5,3) -> 283
A9: Northwoods Cranberry Sauce | B9: Y5Y-283-IFJ | C9: =MID(B9,5,3) -> 283
A10: Mishi Kobe Niku | B10: 58G-630-DDD | C10: =MID(B10,5,3) -> 630
A11: Ikura | B11: GF4-569-DE1 | C11: =MID(B11,5,3) -> 569
A12: Queso Cabrales | B12: G4T-702-84E | C12: =MID(B12,5,3) -> 702
A13: Queso Manchego La Pastora | B13: UFG-737-1VF | C13: =MID(B13,5,3) -> 737
A14: Konbu | B14: NDJ-652-W12 | C14: =MID(B14,5,3) -> 652
A15: Tofu | B15: PSL-291-OI7 | C15: =MID(B15,5,3) -> 291
A16: Genen Shouyu | B16: WDW-855-WEW | C16: =MID(B16,5,3) -> 855
... A78: Original Frankfurter grüne Soße | B78: 15F-644-BET | C78: =MID(B78,5,3) -> 644

Sheet LEN
A1: Items | B1: Length | C1: Length
A2: Amarjeet Singh | B2: =LEN(A2) -> 14 | C2: =LEN(SUBSTITUTE(A2," ","")) -> 13
A3: Sachin Kumar Sharma | B3: =LEN(A3) -> 19 | C3: =LEN(SUBSTITUTE(A3," ","")) -> 17
A4: Mohit Malik | B4: =LEN(A4) -> 11 | C4: =LEN(SUBSTITUTE(A4," ","")) -> 10
A5: Deepak Sharma | B5: =LEN(A5) -> 13 | C5: =LEN(SUBSTITUTE(A5," ","")) -> 12 | E5: Amit Sharma | F5: =LEFT(E5,SEARCH(" ",E5)-1) -> Amit | G5: =RIGHT(E5,LEN(E5)-SEARCH(" ",E5)) -> Sharma
A6: Kratika Bhatnagar | B6: =LEN(A6) -> 17 | C6: =LEN(SUBSTITUTE(A6," ","")) -> 16 | E6: Rajeev Gupta | F6: =LEFT(E6,SEARCH(" ",E6)-1) -> Rajeev | G6: =RIGHT(E6,LEN(E6)-SEARCH(" ",E6)) -> Gupta
A7: Gaurav Khanna | B7: =LEN(A7) -> 13 | C7: =LEN(SUBSTITUTE(A7," ","")) -> 12 | E7: Rajeev Kumar Gupta | F7: =LEFT(E7,SEARCH(" ",E7)-1) -> Rajeev | G7: =LEFT(RIGHT(E7,LEN(E7)-SEARCH(" ",E7)),SEARCH(" ",RIGHT(E7,LEN(E7)-SEARCH(" ",E7)))-1) -> Kumar | H7: =RIGHT(RIGHT(E7,LEN(E7)-SEARCH(" ",E7)),LEN(RIGHT(E7,LEN(E7)-SEARCH(" ",E7)))-SEARCH(" ",RIGHT(E7,LEN(E7)-SEARCH(" ",E7)))) -> Gupta
A8: Asif Khan | B8: =LEN(A8) -> 9 | C8: =LEN(SUBSTITUTE(A8," ","")) -> 8 | E8: Ravi Kant Shrivastava | F8: =LEFT(E8,SEARCH(" ",E8)-1) -> Ravi | G8: =LEFT(RIGHT(E8,LEN(E8)-SEARCH(" ",E8)),SEARCH(" ",RIGHT(E8,LEN(E8)-SEARCH(" ",E8)))-1) -> Kant | H8: =RIGHT(RIGHT(E8,LEN(E8)-SEARCH(" ",E8)),LEN(RIGHT(E8,LEN(E8)-SEARCH(" ",E8)))-SEARCH(" ",RIGHT(E8,LEN(E8)-SEARCH(" ",E8)))) -> Shrivastava
A9: Ajaj Kumar Rana | B9: =LEN(A9) -> 15 | C9: =LEN(SUBSTITUTE(A9," ","")) -> 13
A10: Aakash Bhutani | B10: =LEN(A10) -> 14 | C10: =LEN(SUBSTITUTE(A10," ","")) -> 13
A11: Praveen Sharma | B11: =LEN(A11) -> 14 | C11: =LEN(SUBSTITUTE(A11," ","")) -> 13
A12: 9914221578 | B12: =LEN(A12) -> 10 | C12: =LEN(SUBSTITUTE(A12," ","")) -> 10
A13: 77481452 | B13: =LEN(A13) -> 8 | C13: =LEN(SUBSTITUTE(A13," ","")) -> 8
A14: 541142189 | B14: =LEN(A14) -> 9 | C14: =LEN(SUBSTITUTE(A14," ","")) -> 9
A15: 9844157487 | B15: =LEN(A15) -> 10 | C15: =LEN(SUBSTITUTE(A15," ","")) -> 10
A16: A1BGH-463 | B16: =LEN(A16) -> 9 | C16: =LEN(SUBSTITUTE(A16," ","")) -> 9
A17: WW4EG-596 | B17: =LEN(A17) -> 9 | C17: =LEN(SUBSTITUTE(A17," ","")) -> 9
A18: DDEE-715 | B18: =LEN(A18) -> 8 | C18: =LEN(SUBSTITUTE(A18," ","")) -> 8
A19: DF1F4FG-683 | B19: =LEN(A19) -> 11 | C19: =LEN(SUBSTITUTE(A19," ","")) -> 11
A20: ERERDE4-673 | B20: =LEN(A20) -> 11 | C20: =LEN(SUBSTITUTE(A20," ","")) -> 11
A21: 2GG2TW-591 | B21: =LEN(A21) -> 10 | C21: =LEN(SUBSTITUTE(A21," ","")) -> 10
A22: EHDHD4GG-283 | B22: =LEN(A22) -> 12 | C22: =LEN(SUBSTITUTE(A22," ","")) -> 12
A23: IFJFUF1-283 | B23: =LEN(A23) -> 11 | C23: =LEN(SUBSTITUTE(A23," ","")) -> 11
A24: DDDG1-630 | B24: =LEN(A24) -> 9 | C24: =LEN(SUBSTITUTE(A24," ","")) -> 9
A25: DE14-569 | B25: =LEN(A25) -> 8 | C25: =LEN(SUBSTITUTE(A25," ","")) -> 8
A26: 84E-702 | B26: =LEN(A26) -> 7 | C26: =LEN(SUBSTITUTE(A26," ","")) -> 7
A27: 1VF-737 | B27: =LEN(A27) -> 7 | C27: =LEN(SUBSTITUTE(A27," ","")) -> 7
A28: W12-652 | B28: =LEN(A28) -> 7 | C28: =LEN(SUBSTITUTE(A28," ","")) -> 7

Sheet POWER
A1: Number | B1: Square | C1: Cube | D1: Square Root | E1: Cube Root
A2: 1 | B2: =POWER(A2,2) -> 1 | C2: =POWER(A2,3) -> 1 | D2: =POWER(A2,1/2) -> 1 | E2: =POWER(A2,1/3) -> 1
A3: 2 | B3: =POWER(A3,2) -> 4 | C3: =POWER(A3,3) -> 8 | D3: =POWER(A3,1/2) -> 1.4142136 | E3: =POWER(A3,1/3) -> 1.259921
A4: 3 | B4: =POWER(A4,2) -> 9 | C4: =POWER(A4,3) -> 27 | D4: =POWER(A4,1/2) -> 1.7320508 | E4: =POWER(A4,1/3) -> 1.4422496
A5: 4 | B5: =POWER(A5,2) -> 16 | C5: =POWER(A5,3) -> 64 | D5: =POWER(A5,1/2) -> 2 | E5: =POWER(A5,1/3) -> 1.5874011
A6: 5 | B6: =POWER(A6,2) -> 25 | C6: =POWER(A6,3) -> 125 | D6: =POWER(A6,1/2) -> 2.236068 | E6: =POWER(A6,1/3) -> 1.7099759 | G6: =POWER(5,2) -> 25
A7: 6 | B7: =POWER(A7,2) -> 36 | C7: =POWER(A7,3) -> 216 | D7: =POWER(A7,1/2) -> 2.4494897 | E7: =POWER(A7,1/3) -> 1.8171206 | G7: =5^2 -> 25
A8: 7 | B8: =POWER(A8,2) -> 49 | C8: =POWER(A8,3) -> 343 | D8: =POWER(A8,1/2) -> 2.6457513 | E8: =POWER(A8,1/3) -> 1.9129312
A9: 8 | B9: =POWER(A9,2) -> 64 | C9: =POWER(A9,3) -> 512 | D9: =POWER(A9,1/2) -> 2.8284271 | E9: =POWER(A9,1/3) -> 2
A10: 9 | B10: =POWER(A10,2) -> 81 | C10: =POWER(A10,3) -> 729 | D10: =POWER(A10,1/2) -> 3 | E10: =POWER(A10,1/3) -> 2.0800838
A11: 10 | B11: =POWER(A11,2) -> 100 | C11: =POWER(A11,3) -> 1000 | D11: =POWER(A11,1/2) -> 3.1622777 | E11: =POWER(A11,1/3) -> 2.1544347
A12: 11 | B12: =POWER(A12,2) -> 121 | C12: =POWER(A12,3) -> 1331 | D12: =POWER(A12,1/2) -> 3.3166248 | E12: =POWER(A12,1/3) -> 2.2239801
A13: 12 | B13: =POWER(A13,2) -> 144 | C13: =POWER(A13,3) -> 1728 | D13: =POWER(A13,1/2) -> 3.4641016 | E13: =POWER(A13,1/3) -> 2.2894285
A14: 13 | B14: =POWER(A14,2) -> 169 | C14: =POWER(A14,3) -> 2197 | D14: =POWER(A14,1/2) -> 3.6055513 | E14: =POWER(A14,1/3) -> 2.3513347 | H14: =POWER(2,3) -> 8
A15: 14 | B15: =POWER(A15,2) -> 196 | C15: =POWER(A15,3) -> 2744 | D15: =POWER(A15,1/2) -> 3.7416574 | E15: =POWER(A15,1/3) -> 2.4101423 | H15: =2^3 -> 8
A16: 15 | B16: =POWER(A16,2) -> 225 | C16: =POWER(A16,3) -> 3375 | D16: =POWER(A16,1/2) -> 3.8729833 | E16: =POWER(A16,1/3) -> 2.4662121
A17: 16 | B17: =POWER(A17,2) -> 256 | C17: =POWER(A17,3) -> 4096 | D17: =POWER(A17,1/2) -> 4 | E17: =POWER(A17,1/3) -> 2.5198421
A18: 17 | B18: =POWER(A18,2) -> 289 | C18: =POWER(A18,3) -> 4913 | D18: =POWER(A18,1/2) -> 4.1231056 | E18: =POWER(A18,1/3) -> 2.5712816
A19: 18 | B19: =POWER(A19,2) -> 324 | C19: =POWER(A19,3) -> 5832 | D19: =POWER(A19,1/2) -> 4.2426407 | E19: =POWER(A19,1/3) -> 2.6207414
A20: 19 | B20: =POWER(A20,2) -> 361 | C20: =POWER(A20,3) -> 6859 | D20: =POWER(A20,1/2) -> 4.3588989 | E20: =POWER(A20,1/3) -> 2.6684016
A21: 20 | B21: =POWER(A21,2) -> 400 | C21: =POWER(A21,3) -> 8000 | D21: =POWER(A21,1/2) -> 4.472136 | E21: =POWER(A21,1/3) -> 2.7144176

Sheet SUM - SUMIF
A1: Date | B1: Customer | C1: Trans | D1: Item | E1: Units | F1: Unit Cost | G1: Total
A2: 39066 | B2: Amit Sharma | C2: Purchase | D2: Pen Set | E2: 7 | F2: 1.99 | G2: =F2*E2 -> 13.93 | I2: Total Units Purchased | J2: =SUMIF(C:C,"purchase",E:E) -> 952
A3: 39069 | B3: Kivell | C3: Sale | D3: Binder | E3: 85 | F3: 19.99 | G3: =F3*E3 -> 1699.15 | J3: =SUMIFS(E:E,C:C,"purchase",D:D,"pen set") -> 529
A4: 39072 | B4: Howard | C4: Sale | D4: Pen Set | E4: 62 | F4: 4.99 | G4: =F4*E4 -> 309.38
A5: 39075 | B5: Gill | C5: Purchase | D5: Pen | E5: 58 | F5: 19.99 | G5: =F5*E5 -> 1159.42
A6: 39078 | B6: Anderson | C6: Sale | D6: Binder | E6: 10 | F6: 4.99 | G6: =F6*E6 -> 49.9
A7: 39081 | B7: Anderson | C7: Sale | D7: Pen Set | E7: 24 | F7: 2.99 | G7: =F7*E7 -> 71.76
A8: 39084 | B8: Amit Kumar | C8: Purchase | D8: Pen Set | E8: 6 | F8: 1.99 | G8: =F8*E8 -> 11.94
A9: 39087 | B9: Howard | C9: Purchase | D9: Pen Set | E9: 10 | F9: 4.99 | G9: =F9*E9 -> 49.9
A10: 39090 | B10: Howard | C10: Sale | D10: Pen Set | E10: 39 | F10: 1.99 | G10: =F10*E10 -> 77.61
A11: 39093 | B11: Jones | C11: Sale | D11: Binder | E11: 1 | F11: 8.99 | G11: =F11*E11 -> 8.99
A12: 39096 | B12: Kivell | C12: Purchase | D12: Pen Set | E12: 80 | F12: 4.99 | G12: =F12*E12 -> 399.2
A13: 39099 | B13: Howard | C13: Sale | D13: Binder | E13: 51 | F13: 1.99 | G13: =F13*E13 -> 101.49
A14: 39102 | B14: Parent | C14: Purchase | D14: Binder | E14: 10 | F14: 19.99 | G14: =F14*E14 -> 199.9
A15: 39105 | B15: Jones | C15: Sale | D15: Pen Set | E15: 15 | F15: 4.99 | G15: =F15*E15 -> 74.85
... A50: 39210 | B50: Gill | C50: Sale | D50: Binder | E50: 19 | F50: 4.99 | G50: =F50*E50 -> 94.81

Sheet AVERAGE
A1: Date | B1: Customer | C1: Trans | D1: Item | E1: Units
A2: 39069 | B2: Kivell | C2: Sale | D2: Binder | E2: 85 | G2: Average Units Sold | H2: =AVERAGE(E2:E7) -> 42
A3: 39078 | B3: Anderson | C3: Sale | D3: Binder | E3: 10
A4: 39093 | B4: Jones | C4: Sale | D4: Binder | E4: 1
A5: 39099 | B5: Howard | C5: Sale | D5: Binder | E5: 51 | H5: =AVERAGEIF(B2:B7,"anderson",E2:E7) -> 31
A6: 39132 | B6: Anderson | C6: Sale | D6: Binder | E6: 52
A7: 39180 | B7: Smith | C7: Sale | D7: Binder | E7: 53

Sheet EXACT
A1: Set 1 | B1: Set 2 | C1: Equals | D1: Exact
A2: Amarjeet singh | B2: Amarjeet Singh | C2: =A2=B2 -> TRUE | D2: =EXACT(A2,B2) -> FALSE
A3: Sachin Kumar Sharma | B3: SACHIN KUMAR SHARMA | C3: =A3=B3 -> TRUE | D3: =EXACT(A3,B3) -> FALSE
A4: Mohit Malik | B4: Mohit Malik | C4: =A4=B4 -> TRUE | D4: =EXACT(A4,B4) -> TRUE
A5: Deepak Sharma | B5: Deepak sharma | C5: =A5=B5 -> TRUE | D5: =EXACT(A5,B5) -> FALSE
A6: Kratika Bhatnagar | B6: Kratika Bhatnagar | C6: =A6=B6 -> TRUE | D6: =EXACT(A6,B6) -> TRUE
A7: Gaurav Khanna | B7: Gaurav Khanna | C7: =A7=B7 -> TRUE | D7: =EXACT(A7,B7) -> TRUE
A8: ASIF KHAN | B8: Asif Khan | C8: =A8=B8 -> TRUE | D8: =EXACT(A8,B8) -> FALSE
A9: Ajaj Kumar Rana | B9: Ajaj Kumar Rana | C9: =A9=B9 -> TRUE | D9: =EXACT(A9,B9) -> TRUE

Sheet CONCATENATE
A1: First Name | B1: Last Name | C1: Full Name | D1: Full Name (IBM)
A2: Amarjeet | B2: Singh | C2: =CONCATENATE(A2," ",B2) -> Amarjeet Singh | D2: =CONCATENATE(A2," ",B2," (IBM)") -> Amarjeet Singh (IBM) | E2: =A2&" "&B2 -> Amarjeet Singh
A3: Sachin | B3: Kumar | C3: =CONCATENATE(A3," ",B3) -> Sachin Kumar | D3: =CONCATENATE(A3," ",B3," (IBM)") -> Sachin Kumar (IBM) | E3: =A3&" "&B3 -> Sachin Kumar
A4: Mohit | B4: Malik | C4: =CONCATENATE(A4," ",B4) -> Mohit Malik | D4: =CONCATENATE(A4," ",B4," (IBM)") -> Mohit Malik (IBM) | E4: =A4&" "&B4 -> Mohit Malik | I4: Amit | J4: Kumar | K4: Sharma | L4: =CONCATENATE(I4," ",J4," ",K4) -> Amit Kumar Sharma
A5: Deepak | B5: Sharma | C5: =CONCATENATE(A5," ",B5) -> Deepak Sharma | D5: =CONCATENATE(A5," ",B5," (IBM)") -> Deepak Sharma (IBM) | E5: =A5&" "&B5 -> Deepak Sharma
A6: Kratika | B6: Bhatnagar | C6: =CONCATENATE(A6," ",B6) -> Kratika Bhatnagar | D6: =CONCATENATE(A6," ",B6," (IBM)") -> Kratika Bhatnagar (IBM) | E6: =A6&" "&B6 -> Kratika Bhatnagar
A7: Gaurav | B7: Khanna | C7: =CONCATENATE(A7," ",B7) -> Gaurav Khanna | D7: =CONCATENATE(A7," ",B7," (IBM)") -> Gaurav Khanna (IBM) | E7: =A7&" "&B7 -> Gaurav Khanna
A8: Asif | B8: Khan | C8: =CONCATENATE(A8," ",B8) -> Asif Khan | D8: =CONCATENATE(A8," ",B8," (IBM)") -> Asif Khan (IBM) | E8: =A8&" "&B8 -> Asif Khan
A9: Ajaj | B9: Kumar | C9: =CONCATENATE(A9," ",B9) -> Ajaj Kumar | D9: =CONCATENATE(A9," ",B9," (IBM)") -> Ajaj Kumar (IBM) | E9: =A9&" "&B9 -> Ajaj Kumar
A10: Aakash | B10: Bhutani | C10: =CONCATENATE(A10," ",B10) -> Aakash Bhutani | D10: =CONCATENATE(A10," ",B10," (IBM)") -> Aakash Bhutani (IBM) | E10: =A10&" "&B10 -> Aakash Bhutani
A11: Praveen | B11: Sharma | C11: =CONCATENATE(A11," ",B11) -> Praveen Sharma | D11: =CONCATENATE(A11," ",B11," (IBM)") -> Praveen Sharma (IBM) | E11: =A11&" "&B11 -> Praveen Sharma
A12: Ravi | B12: Ranjan | C12: =CONCATENATE(A12," ",B12) -> Ravi Ranjan | D12: =CONCATENATE(A12," ",B12," (IBM)") -> Ravi Ranjan (IBM) | E12: =A12&" "&B12 -> Ravi Ranjan
A13: Vivek | B13: Pant | C13: =CONCATENATE(A13," ",B13) -> Vivek Pant | D13: =CONCATENATE(A13," ",B13," (IBM)") -> Vivek Pant (IBM) | E13: =A13&" "&B13 -> Vivek Pant
A14: Pallavi | B14: Srivastava | C14: =CONCATENATE(A14," ",B14) -> Pallavi Srivastava | D14: =CONCATENATE(A14," ",B14," (IBM)") -> Pallavi Srivastava (IBM) | E14: =A14&" "&B14 -> Pallavi Srivastava
A15: Anoop | B15: Kumar | C15: =CONCATENATE(A15," ",B15) -> Anoop Kumar | D15: =CONCATENATE(A15," ",B15," (IBM)") -> Anoop Kumar (IBM) | E15: =A15&" "&B15 -> Anoop Kumar
A16: Shivam | B16: Kumar | C16: =CONCATENATE(A16," ",B16) -> Shivam Kumar | D16: =CONCATENATE(A16," ",B16," (IBM)") -> Shivam Kumar (IBM) | E16: =A16&" "&B16 -> Shivam Kumar
... A99: Summit | B99: kar | C99: =CONCATENATE(A99," ",B99) -> Summit kar | D99: =CONCATENATE(A99," ",B99," (IBM)") -> Summit kar (IBM) | E99: =A99&" "&B99 -> Summit kar
B122: Amit | C122: Kumar | D122: Singh
B124: =CONCATENATE(B122," ",C122," ",D122) -> Amit Kumar Singh

Sheet NETWORKDAYS
A1: Employee | B1: Start | C1: End | D1: Sat-Sun Off | E1: Sun Off | G1: List of Holidays - 2012
A2: Amarjeet Singh | B2: 40980 | C2: 41016 | D2: =NETWORKDAYS(B2,C2,$I$3:$I$14) -> 25 | E2: =_xlfn.NETWORKDAYS.INTL(B2,C2,11,$I$3:$I$14) -> 30 | G2: SL | H2: Holiday | I2: Date
A3: Sachin Kumar Sharma | B3: 40984 | C3: 41141 | D3: =NETWORKDAYS(B3,C3,$I$3:$I$14) -> 110 | E3: =_xlfn.NETWORKDAYS.INTL(B3,C3,11,$I$3:$I$14) -> 133 | G3: 1 | H3: Republic Day | I3: 40934
A4: Mohit Malik | B4: 41015 | C4: 41174 | D4: =NETWORKDAYS(B4,C4,$I$3:$I$14) -> 112 | E4: =_xlfn.NETWORKDAYS.INTL(B4,C4,11,$I$3:$I$14) -> 135 | G4: 2 | H4: Holi | I4: 40976
A5: Deepak Sharma | B5: 41135 | C5: 41201 | D5: =NETWORKDAYS(B5,C5,$I$3:$I$14) -> 46 | E5: =_xlfn.NETWORKDAYS.INTL(B5,C5,11,$I$3:$I$14) -> 55 | G5: 3 | H5: Strike | I5: 40981
A6: Kratika Bhatnagar | B6: 41198 | C6: 41272 | D6: =NETWORKDAYS(B6,C6,$I$3:$I$14) -> 50 | E6: =_xlfn.NETWORKDAYS.INTL(B6,C6,11,$I$3:$I$14) -> 61 | G6: 4 | H6: Strike | I6: 40982
A7: Gaurav Khanna | B7: 40930 | C7: 41015 | D7: =NETWORKDAYS(B7,C7,$I$3:$I$14) -> 57 | E7: =_xlfn.NETWORKDAYS.INTL(B7,C7,11,$I$3:$I$14) -> 69 | G7: 5 | H7: Janamashtmi | I7: 41131
A8: Asif Khan | B8: 40984 | C8: 41146 | D8: =NETWORKDAYS(B8,C8,$I$3:$I$14) -> 114 | E8: =_xlfn.NETWORKDAYS.INTL(B8,C8,11,$I$3:$I$14) -> 138 | G8: 6 | H8: Independence Day | I8: 41136
A9: Mukesh Rana | B9: 41070 | C9: 41168 | D9: =NETWORKDAYS(B9,C9,$I$3:$I$14) -> 67 | E9: =_xlfn.NETWORKDAYS.INTL(B9,C9,11,$I$3:$I$14) -> 81 | G9: 7 | H9: Onam | I9: 41150
G10: 8 | H10: Gandhi Jayanti | I10: 41184
G11: 9 | H11: Duserhra | I11: 41206
B12: 41135 | C12: 41201 | G12: 10 | H12: Deepavali | I12: 41226
G13: 11 | H13: Govardhan Puja | I13: 41227
G14: 12 | H14: Christmas Day | I14: 41268

Sheet IS-FUNCTIONS
A1: ISERROR | D1: ISBLANK
A2: Calculation | B2: Status | D2: Calculation | E2: Status
A3: =5/0 -> #DIV/0! | B3: =ISERROR(A3) -> TRUE | D3: AMIT | E3: =ISBLANK(D3) -> FALSE
A4: =VLOOKUP(A2,#REF!,2,0) -> #REF! | B4: =ISERROR(A4) -> TRUE | D4: 52 | E4: =ISBLANK(D4) -> FALSE
A5: =fgfg -> #NAME? | B5: =ISERROR(A5) -> TRUE | E5: =ISBLANK(D5) -> TRUE
A6: =45/8 -> 5.625 | B6: =ISERROR(A6) -> FALSE | D6: =45/8 -> 5.625 | E6: =ISBLANK(D6) -> FALSE
A7: =CONCATENATE("12",jj) -> #NAME? | B7: =ISERROR(A7) -> TRUE | D7: 124FDRE | E7: =ISBLANK(D7) -> FALSE
A8: =#REF! -> #REF! | B8: =ISERROR(A8) -> TRUE | E8: =ISBLANK(D8) -> TRUE
A10: ISEVEN | D10: ISODD | H10: 21 | J10: =ISEVEN(H10) -> FALSE
A11: Calculation | B11: Status | D11: Calculation | E11: Status
A12: 21 | B12: =ISEVEN(A12) -> FALSE | D12: 21 | E12: =ISODD(D12) -> TRUE
A13: 2 | B13: =ISEVEN(A13) -> TRUE | D13: 2 | E13: =ISODD(D13) -> FALSE
A14: 122 | B14: =ISEVEN(A14) -> TRUE | D14: 122 | E14: =ISODD(D14) -> FALSE
A15: 5 | B15: =ISEVEN(A15) -> FALSE | D15: 5 | E15: =ISODD(D15) -> TRUE
A16: 8 | B16: =ISEVEN(A16) -> TRUE | D16: 8 | E16: =ISODD(D16) -> FALSE
A17: 64 | B17: =ISEVEN(A17) -> TRUE | D17: 64 | E17: =ISODD(D17) -> FALSE
A19: ISNUMBER | D19: ISTEXT
A20: Calculation | B20: Status | D20: Calculation | E20: Status
A21: AMIT | B21: =ISNUMBER(A21) -> FALSE | D21: AMIT | E21: =ISTEXT(D21) -> TRUE
A22: 52 | B22: =ISNUMBER(A22) -> TRUE | D22: 52 | E22: =ISTEXT(D22) -> FALSE
A23: 124 | B23: =ISNUMBER(A23) -> TRUE | D23: FG56Y | E23: =ISTEXT(D23) -> TRUE
A24: =45/8 -> 5.625 | B24: =ISNUMBER(A24) -> TRUE | D24: =45/8 -> 5.625 | E24: =ISTEXT(D24) -> FALSE
A25: 124FDRE | B25: =ISNUMBER(A25) -> FALSE | D25: 124FDRE | E25: =ISTEXT(D25) -> TRUE
A26: =16/21 -> 0.76190476 | B26: =ISNUMBER(A26) -> TRUE | D26: ED33 | E26: =ISTEXT(D26) -> TRUE

Sheet IF
A1: Customer | B1: Transaction | C1: Type | E1: Number | F1: Status | H1: Name | I1: Marks | J1: Grade | L1: Outstanding | M1: >=90
A2: Jones | B2: Purchase | C2: =IF(B2="PURCHASE","Debit","Credit") -> Debit | E2: 1 | F2: =IF(E2<5,"Not Met",IF(E2=5,"Average","Met")) -> Not Met | H2: Amarjeet Singh | I2: 98 | J2: =IF(I2>=90,$H$21,IF(I2>=80,$H$22,IF(I2>=60,$H$23,IF(I2>=45,$H$24,IF(I2>=33,$H$25,$H$26))))) -> Outstanding | L2: Distinction | M2: >=80
A3: Kivell | B3: Sale | C3: =IF(B3="PURCHASE","Debit","Credit") -> Credit | E3: 5 | F3: =IF(E3<5,"Not Met",IF(E3=5,"Average","Met")) -> Average | H3: Sachin Kumar Sharma | I3: 74 | J3: =IF(I3>=90,$H$21,IF(I3>=80,$H$22,IF(I3>=60,$H$23,IF(I3>=45,$H$24,IF(I3>=33,$H$25,$H$26))))) -> First Division | L3: First Division | M3: >=60
A4: Howard | B4: Sale | C4: =IF(B4="PURCHASE","Debit","Credit") -> Credit | E4: 6 | F4: =IF(E4<5,"Not Met",IF(E4=5,"Average","Met")) -> Met | H4: Mohit Malik | I4: 44 | J4: =IF(I4>=90,$H$21,IF(I4>=80,$H$22,IF(I4>=60,$H$23,IF(I4>=45,$H$24,IF(I4>=33,$H$25,$H$26))))) -> Third Division | L4: Second Division | M4: >=45
A5: Gill | B5: Purchase | C5: =IF(B5="PURCHASE","Debit","Credit") -> Debit | E5: 9 | F5: =IF(E5<5,"Not Met",IF(E5=5,"Average","Met")) -> Met | H5: Deepak Sharma | I5: 90 | J5: =IF(I5>=90,$H$21,IF(I5>=80,$H$22,IF(I5>=60,$H$23,IF(I5>=45,$H$24,IF(I5>=33,$H$25,$H$26))))) -> Outstanding | L5: Third Division | M5: >=33
A6: Anderson | B6: Sale | C6: =IF(B6="PURCHASE","Debit","Credit") -> Credit | E6: 2 | F6: =IF(E6<5,"Not Met",IF(E6=5,"Average","Met")) -> Not Met | H6: Kratika Bhatnagar | I6: 89 | J6: =IF(I6>=90,$H$21,IF(I6>=80,$H$22,IF(I6>=60,$H$23,IF(I6>=45,$H$24,IF(I6>=33,$H$25,$H$26))))) -> Distinction | L6: Fail | M6: Else
A7: Anderson | B7: Sale | C7: =IF(B7="PURCHASE","Debit","Credit") -> Credit | E7: 3 | F7: =IF(E7<5,"Not Met",IF(E7=5,"Average","Met")) -> Not Met | H7: Gaurav Khanna | I7: 86 | J7: =IF(I7>=90,$H$21,IF(I7>=80,$H$22,IF(I7>=60,$H$23,IF(I7>=45,$H$24,IF(I7>=33,$H$25,$H$26))))) -> Distinction
A8: Anderson | B8: Purchase | C8: =IF(B8="PURCHASE","Debit","Credit") -> Debit | E8: 4 | F8: =IF(E8<5,"Not Met",IF(E8=5,"Average","Met")) -> Not Met | H8: Asif Khan | I8: 41 | J8: =IF(I8>=90,$H$21,IF(I8>=80,$H$22,IF(I8>=60,$H$23,IF(I8>=45,$H$24,IF(I8>=33,$H$25,$H$26))))) -> Third Division
A9: Howard | B9: Purchase | C9: =IF(B9="PURCHASE","Debit","Credit") -> Debit | E9: 5 | F9: =IF(E9<5,"Not Met",IF(E9=5,"Average","Met")) -> Average | H9: Ajaj Kumar Rana | I9: 63 | J9: =IF(I9>=90,$H$21,IF(I9>=80,$H$22,IF(I9>=60,$H$23,IF(I9>=45,$H$24,IF(I9>=33,$H$25,$H$26))))) -> First Division
A10: Howard | B10: Sale | C10: =IF(B10="PURCHASE","Debit","Credit") -> Credit | E10: 8 | F10: =IF(E10<5,"Not Met",IF(E10=5,"Average","Met")) -> Met | H10: Aakash Bhutani | I10: 89 | J10: =IF(I10>=90,$H$21,IF(I10>=80,$H$22,IF(I10>=60,$H$23,IF(I10>=45,$H$24,IF(I10>=33,$H$25,$H$26))))) -> Distinction
A11: Jones | B11: Sale | C11: =IF(B11="PURCHASE","Debit","Credit") -> Credit | E11: 6 | F11: =IF(E11<5,"Not Met",IF(E11=5,"Average","Met")) -> Met | H11: Praveen Sharma | I11: 89 | J11: =IF(I11>=90,$H$21,IF(I11>=80,$H$22,IF(I11>=60,$H$23,IF(I11>=45,$H$24,IF(I11>=33,$H$25,$H$26))))) -> Distinction
A12: Kivell | B12: Purchase | C12: =IF(B12="PURCHASE","Debit","Credit") -> Debit | H12: Ravi Ranjan | I12: 86 | J12: =IF(I12>=90,$H$21,IF(I12>=80,$H$22,IF(I12>=60,$H$23,IF(I12>=45,$H$24,IF(I12>=33,$H$25,$H$26))))) -> Distinction
A13: Howard | B13: Purchase | C13: =IF(B13="PURCHASE","Debit","Credit") -> Debit | E13: <5 | F13: Not Met | H13: Vivek Pant | I13: 61 | J13: =IF(I13>=90,$H$21,IF(I13>=80,$H$22,IF(I13>=60,$H$23,IF(I13>=45,$H$24,IF(I13>=33,$H$25,$H$26))))) -> First Division
A14: Parent | B14: Purchase | C14: =IF(B14="PURCHASE","Debit","Credit") -> Debit | E14: =5 | F14: Average | H14: Pallavi Srivastava | I14: 42 | J14: =IF(I14>=90,$H$21,IF(I14>=80,$H$22,IF(I14>=60,$H$23,IF(I14>=45,$H$24,IF(I14>=33,$H$25,$H$26))))) -> Third Division
A15: Jones | B15: Sale | C15: =IF(B15="PURCHASE","Debit","Credit") -> Credit | E15: >5 | F15: Met | H15: Anoop Kumar Singh | I15: 28 | J15: =IF(I15>=90,$H$21,IF(I15>=80,$H$22,IF(I15>=60,$H$23,IF(I15>=45,$H$24,IF(I15>=33,$H$25,$H$26))))) -> Fail
A16: Anderson | B16: Sale | C16: =IF(B16="PURCHASE","Debit","Credit") -> Credit | H16: Shivam Kumar Gupta | I16: 57 | J16: =IF(I16>=90,$H$21,IF(I16>=80,$H$22,IF(I16>=60,$H$23,IF(I16>=45,$H$24,IF(I16>=33,$H$25,$H$26))))) -> Second Division
A17: Jones | B17: Purchase | C17: =IF(B17="PURCHASE","Debit","Credit") -> Debit | H17: Akhil Gupta | I17: 93 | J17: =IF(I17>=90,$H$21,IF(I17>=80,$H$22,IF(I17>=60,$H$23,IF(I17>=45,$H$24,IF(I17>=33,$H$25,$H$26))))) -> Outstanding
A18: Kivell | B18: Purchase | C18: =IF(B18="PURCHASE","Debit","Credit") -> Debit | H18: Yatish Kumar | I18: 89 | J18: =IF(I18>=90,$H$21,IF(I18>=80,$H$22,IF(I18>=60,$H$23,IF(I18>=45,$H$24,IF(I18>=33,$H$25,$H$26))))) -> Distinction
A19: Jones | B19: Sale | C19: =IF(B19="PURCHASE","Debit","Credit") -> Credit | H19: Niranjan Singh Jagde | I19: 82 | J19: =IF(I19>=90,$H$21,IF(I19>=80,$H$22,IF(I19>=60,$H$23,IF(I19>=45,$H$24,IF(I19>=33,$H$25,$H$26))))) -> Distinction
A20: Parent | B20: Purchase | C20: =IF(B20="PURCHASE","Debit","Credit") -> Debit
A21: Kivell | B21: Sale | C21: =IF(B21="PURCHASE","Debit","Credit") -> Credit | H21: Outstanding | I21: >=90
A22: Smith | B22: Purchase | C22: =IF(B22="PURCHASE","Debit","Credit") -> Debit | H22: Distinction | I22: >=80
H23: First Division | I23: >=60
A24: Purchase | B24: Debit | H24: Second Division | I24: >=45
A25: Sale | B25: Credit | H25: Third Division | I25: >=33
H26: Fail | I26: Else
B28: IF
B29: Condition
B30: TRUE | C30: Statement | I30: 98
B31: FALSE | C31: Statement
B33: Sale | C33: =IF(B33="Sale","Credit","Debit") -> Credit
B34: Purchase | C34: =IF(B34="Sale","Credit","Debit") -> Debit
B37: IF
B38: Condition1
B39: TRUE | C39: Statement
B40: IF
B41: Condition2
B42: TRUE | C42: Statement
B44: FALSE | C44: Statement

Sheet HelpDesk Data
A1: Sl. No. | B1: Case Id | C1: Call Rec Date | D1: Call Resolved Date | E1: Customer Name | F1: City | G1: Contact No | H1: Mobile No | I1: Product | J1: Product No | K1: Model | L1: Serial No | M1: Call Status
A2: 1 | B2: TIPL:OL:020109-1 | C2: 39845.415 | D2: 39864.713 | E2: ROHAN SINHA | F2: PATNA | G2: 2904637 | H2: 9955999015 | I2: Laptop | J2: PTA83L-04902N | K2: Satellite Pro A120 | L2: 86134701H | M2: Close
A3: 2 | B3: TIPL:OL:020109-4 | C3: 39845.651 | D3: 39856.682 | E3: Shibashish rodra | F3: Delhi | G3: 41323297 | H3: 9999224900 | I3: Laptop | J3: PSL2XL-01R007 | K3: Satellite L20 | L3: 26090969W | M3: Close
A4: 3 | B4: TIPL:OL:020109-9 | C4: 39845.871 | D4: 39857.72 | E4: Punit | F4: Delhi | G4: 9818122220 | H4: 9818522220 | I4: Laptop | J4: PSLB9A-00L002 | K4: Satellite L300 | L4: Y8164930Q | M4: Close
A5: 4 | B5: TIPL:OL:020209-2 | C5: 39846.349 | D5: 39863.768 | E5: Dr Arif | F5: Lucknow | G5: 3019107 | H5: 9514018637 | I5: Laptop | J5: PSAA8L-1QU04M | K5: Satellite A100 | L5: Z6157544Q | M5: Close
A6: 5 | B6: TIPL:OL:020209-3 | C6: 39846.417 | E6: TRILOK SINGH | F6: INDORE | G6: 9752353537 | H6: 9752353537 | I6: Laptop | J6: PSL15E-00N02GBT | K6: Satellite Pro L10 | L6: 75024540W | M6: Open
A7: 6 | B7: TIPL:OL:020209-4 | C7: 39846.43 | D7: 39846.748 | E7: Mohhamad Yusufi | F7: Delhi | G7: 9910657065 | H7: 9910657174 | I7: Laptop | J7: PSME2G-00Q003 | K7: Satellite L310 | L7: 58259563W | M7: Close
A8: 7 | B8: TIPL:OL:020209-9 | C8: 39846.539 | D8: 39853.65 | E8: Siraj | F8: Banglore | G8: 41510762 | H8: 9008022633 | I8: Laptop | J8: PTA83L-04902N | K8: Satellite A120 | L8: 86137123H | M8: Close
A9: 8 | B9: TIPL:OL:020209-11 | C9: 39846.554 | D9: 39847.495 | E9: Aujn Malik | F9: Delhi | G9: 9899388000 | H9: 9873366660 | I9: Laptop | J9: PTA42U-0K601G | K9: Tecra A4 | L9: 16069918Q | M9: Close
A10: 9 | B10: TIPL:OL:020209-12 | C10: 39846.559 | E10: Prabhu Nath | F10: Lucknow | G10: 9415022405 | H10: 9415022405 | I10: Laptop | J10: PSME2G-00P003 | K10: Satellite L310 | L10: 48044362W | M10: Open
A11: 10 | B11: TIPL:OL:020209-13 | C11: 39846.571 | D11: 39853.729 | E11: Mrs Bhatiya | F11: delhi | G11: 41540600 | H11: 9899936084 | I11: Laptop | J11: PSME6G-00E002 | K11: Satellite L310 | L11: 98172144W | M11: Close
A12: 11 | B12: TIPL:OL:020209-16 | C12: 39846.585 | E12: Mr Rameshwar | F12: Pathankot | G12: 9417222004 | H12: 9417222004 | I12: Laptop | J12: PSME2G-00P003 | K12: Satellite L310 | L12: 58302505W | M12: Open
A13: 12 | B13: TIPL:OL:020209-17 | C13: 39846.593 | D13: 39851.5 | E13: jitender singh | F13: Gurdaspur | G13: 977945778 | H13: 9417222004 | I13: Laptop | J13: PSME2G-00P003 | K13: Satellite L310 | L13: 48313765W | M13: Close
A14: 13 | B14: TIPL:OL:020209-19 | C14: 39846.606 | E14: Y. N GUPTA | F14: GURGAON | G14: 9810010819 | H14: 9350846860 | I14: Laptop | J14: PSL2XL-01R007 | K14: Satellite L20 | L14: X5092012W | M14: Reject
A15: 14 | B15: TIPL:OL:020209-20 | C15: 39846.627 | D15: 39865.751 | E15: Parth Singh Pundir | F15: Dehradun | G15: 9760520000 | H15: 9760520000 | I15: Laptop | J15: PTA83L-08L02N | K15: Satellite Pro A120 | L15: Z6077032H | M15: Close
A16: 15 | B16: TIPL:OL:020209-21 | C16: 39846.654 | E16: Ashsaq Ahmad | F16: rinagar | G16: 2480909 | H16: 9419004710 | I16: Laptop | J16: PSAFCL-01M00P | K16: Satellite A200 | L16: 67085807Q | M16: Reject
A17: 16 | B17: TIPL:OL:020209-22 | C17: 39846.655 | E17: Manan | F17: Delhi | G17: 25252504 | H17: 9810003552 | I17: Laptop | J17: PSAFCA-01K00J | K17: Satellite A200 | L17: 57057490Q | M17: Reject
A18: 17 | B18: TIPL:OL:020209-23 | C18: 39846.662 | D18: 39851.52 | E18: Abaas | F18: Delhi | G18: 9999846095 | H18: 9999846095 | I18: Laptop | J18: PSL30L-00M019 | K18: Satellite L30 | L18: 76125818W | M18: Close
A19: 18 | B19: TIPL:OL:020209-24 | C19: 39846.686 | E19: Anirudh | F19: indore | G19: 7312455872 | H19: 9827091725 | I19: Laptop | J19: PSAA8L-04E00L | K19: Satellite A100 | L19: 26215953Q | M19: Open
A20: 19 | B20: TIPL:OL:020209-25 | C20: 39846.688 | E20: Himanshu Gautam | F20: Agra | G20: 9319579490 | H20: 9319579490 | I20: Laptop | J20: PSL4CL-001002 | K20: Satellite L40 | L20: X7060761R | M20: Open
A21: 20 | B21: TIPL:OL:020209-26 | C21: 39846.688 | D21: 39847.523 | E21: Arun | F21: Chandigarh | G21: 9855379706 | H21: 9855379706 | I21: Laptop | J21: PSAFCL-05U014 | K21: Satellite A100 | L21: 87122150Q | M21: Close
A22: 21 | B22: TIPL:OL:020209-27 | C22: 39846.699 | E22: Aparna | F22: New Delhi | G22: 46049816 | H22: 9313102914 | I22: Laptop | J22: PSM70E-02J01YED | K22: Satellite M70 | L22: 56179215K | M22: On Hold
A23: 22 | B23: TIPL:OL:020209-28 | C23: 39846.702 | D23: 39849.766 | E23: Krishana | F23: Bangalore | G23: 41209640 | H23: 41209640 | I23: Laptop | J23: PSAA0U-01Q002 | K23: Satellite A105 | L23: 26035643Q | M23: Close
A24: 23 | B24: TIPL:OL:020209-30 | C24: 39846.704 | D24: 39850.542 | E24: Dhananjai Aggarwal | F24: Delhi | G24: 9818265320 | H24: 9811011419 | I24: Laptop | J24: PSLB8E-01200HAR | K24: Satellite L300 | L24: 98644550Q | M24: Close
A25: 24 | B25: TIPL:OL:020209-32 | C25: 39846.71 | E25: Mohemmad Salim | F25: Delhi | G25: 9990963734 | H25: 9990963734 | I25: Laptop | J25: PSLB8E-03500HAR | K25: Satellite L300 | L25: X8397781Q | M25: Reject
A26: 25 | B26: TIPL:OL:020209-35 | C26: 39846.754 | E26: R B Jain | F26: Pune | G26: 24266882 | H26: 9823066223 | I26: Laptop | J26: PSA50Z-02700M | K26: Satellite A50 | L26: 74030057J | M26: Open
A27: 26 | B27: TIPL:OL:020209-36 | C27: 39846.772 | D27: 39864.551 | E27: Sanjeev Tiwari | F27: Agra | G27: 9897652216 | H27: 9319206846 | I27: Laptop | J27: PPM60H-09600M | K27: Portege M600 | L27: 28061280W | M27: Close
A28: 27 | B28: TIPL:OL:020209-37 | C28: 39846.806 | D28: 39848.712 | E28: Manmeet Singh | F28: Mohali | G28: 9903429077 | H28: 9748856127 | I28: Laptop | J28: PSME2G-00P003 | K28: Satellite L310 | L28: 58283241W | M28: Close
A29: 28 | B29: TIPL:OL:020209-42 | C29: 39846.868 | D29: 39848.469 | E29: Ashish | F29: Agra | G29: 9927900722 | H29: 9319531209 | I29: Laptop | J29: PSMCDL-007004 | K29: Satellite L200 | L29: X7084087Q | M29: Close
A30: 29 | B30: TIPL:OL:020209-45 | C30: 39846.884 | D30: 39850.463 | E30: Vinkle | F30: Chandigarh | G30: 9915000227 | H30: 9877012226 | I30: Laptop | J30: PSMC1L-003002 | K30: Satellite M200 | L30: 77170522Q | M30: Close
A31: 30 | B31: TIPL:OL:020309-4 | C31: 39847.348 | E31: Mh. Javed | F31: Shahjahanpur | G31: 9935126241 | H31: 9838637495 | I31: Laptop | J31: PSL40L-03301W | K31: Satellite L40 | L31: 87093889R | M31: Reject
A32: 31 | B32: TIPL:OL:020309-6 | C32: 39847.423 | D32: 39854.76 | E32: Pradeep | F32: bawer | G32: 9214065230 | H32: 1412624250 | I32: Laptop | J32: PSMC1L-009002 | K32: Satellite M200 | L32: 87141703Q | M32: Close
A33: 32 | B33: TIPL:OL:020309-8 | C33: 39847.439 | E33: Girish Chadha | F33: Nalagarh | G33: 9218521381 | H33: 9218521381 | I33: Laptop | J33: PSL48L-02000U | K33: Satellite L40 | L33: 97102675R | M33: Open
A34: 33 | B34: TIPL:OL:020309-9 | C34: 39847.44 | D34: 39850.728 | E34: Sulabha | F34: Mumbai | G34: 21630145 | H34: 9833508905 | I34: Laptop | J34: PSAE3U-06X024 | K34: Satellite A205 | L34: 48194267K | M34: Close
A35: 34 | B35: TIPL:OL:020309-11 | C35: 39847.464 | D35: 39865.523 | E35: Sagar | F35: Pune | G35: 9423040795 | H35: 9422012231 | I35: Laptop | J35: PSME2G-00Q003 | K35: Satellite L310 | L35: 58085890W | M35: Close
A36: 35 | B36: TIPL:OL:020309-12 | C36: 39847.467 | E36: Mohd Arsad | F36: amuraha | G36: 9927021002 | H36: 9358210055 | I36: Laptop | J36: PSME2G-00Q003 | K36: Satellite L310 | L36: 48057869W | M36: Open
A37: 36 | B37: TIPL:OL:020309-13 | C37: 39847.467 | D37: 39854.598 | E37: Mahesh | F37: delhi | G37: 9212652032 | H37: 9717341596 | I37: Laptop | J37: PSMD0G-02500P | K37: Satellite M300 | L37: 48339883W | M37: Close
A38: 37 | B38: TIPL:OL:020309-15 | C38: 39847.497 | E38: Uday PurWala | F38: Mumbai | G38: 9892575069 | H38: 9892575069 | I38: Laptop | J38: PSME2G-00P003 | K38: Satellite L310 | L38: 48044542W | M38: Open
A39: 38 | B39: TIPL:OL:020309-20 | C39: 39847.549 | E39: Rahul | F39: Delhi | G39: 9911557750 | H39: 9268710181 | I39: Laptop | J39: PTA83L-08L02N | K39: Satellite Pro A120 | L39: Z6087050H | M39: Open
A40: 39 | B40: TIPL:OL:020309-22 | C40: 39847.563 | D40: 39849.508 | E40: devender | F40: NEW DELHI | G40: 9999758272 | H40: 9999758272 | I40: Laptop | J40: PSAAKL-00D008 | K40: Satellite A100 | L40: 17313261Q | M40: Close
A41: 40 | B41: TIPL:OL:020309-23 | C41: 39847.564 | D41: 39847.719 | E41: vikash | F41: Delhi | G41: 9717640556 | H41: 9350581242 | I41: Laptop | J41: PSAA9L-17E04H | K41: Satellite A100 | L41: Y6356613Q | M41: Close
A42: 41 | B42: TIPL:OL:020309-24 | C42: 39847.574 | D42: 39853.674 | E42: Ishfaq | F42: Shrinagar | G42: 9419004710 | H42: 9419004710 | I42: Laptop | J42: PSAG4G-02J00N | K42: Satellite A300 | L42: 58079071Q | M42: Close
A43: 42 | B43: TIPL:OL:020309-27 | C43: 39847.6 | E43: MR J.B Singh | F43: chandigarh | G43: 9876996557 | H43: 9466131191 | I43: Laptop | J43: PTA83L-08L02N | K43: Satellite Pro A120 | L43: Z6087283H | M43: Open
A44: 43 | B44: TIPL:OL:020309-28 | C44: 39847.61 | D44: 39855.54 | E44: ABID | F44: PUNE | G44: 9881994565 | H44: 9881994565 | I44: Laptop | J44: PSAA9L-148045 | K44: Satellite A100 | L44: Z6158776Q | M44: Close
A45: 44 | B45: TIPL:OL:020309-31 | C45: 39847.638 | D45: 39855.55 | E45: Kapil Kumar | F45: Ludhiana | G45: 4641569 | H45: 9814181569 | I45: Laptop | J45: PSLBGG-00N00N | K45: Satellite L300 | L45: 98739171Q | M45: Close
A46: 45 | B46: TIPL:OL:020309-32 | C46: 39847.641 | E46: Shahjahan | F46: Bangalore | G46: 9880127234 | H46: 9845337382 | I46: Laptop | J46: PQF55E-00V012AR | K46: Qosmio F40 | L46: 88144690K | M46: Reject
A47: 46 | B47: TIPL:OL:020309-35 | C47: 39847.664 | D47: 39855.664 | E47: Arpit Sachdeva | F47: Jaipur | G47: 9351560344 | H47: 9884468998 | I47: Laptop | J47: PTA83L-04902N | K47: Satellite Pro A120 | L47: 76165037H | M47: Close
A48: 47 | B48: TIPL:OL:020309-38 | C48: 39847.681 | D48: 39848.451 | E48: Debashish | F48: Kolkata | G48: 22428307 | H48: 9830087949 | I48: Laptop | J48: PSME2G-00Q003 | K48: Satellite L310 | L48: 48078684W | M48: Close
A49: 48 | B49: TIPL:OL:020309-40 | C49: 39847.684 | D49: 39861.51 | E49: Abizar Teawala | F49: Pune | G49: 9764226377 | H49: 9764226377 | I49: Laptop | J49: PSA10U-00RESV | K49: Satellite A10 | L49: 83043978H | M49: Close
A50: 49 | B50: TIPL:OL:020309-41 | C50: 39847.689 | D50: 39855.533 | E50: SUNIL KUMAR | F50: KARNAL | G50: 231003 | H50: 9729024214 | I50: Laptop | J50: PSMD0G-02500P | K50: Satellite M300 | L50: 48279927W | M50: Close
A51: 50 | B51: TIPL:OL:020309-43 | C51: 39847.708 | D51: 39850.725 | E51: Chirag gupta | F51: Delhi | G51: 9999133434 | H51: 9811130480 | I51: Laptop | J51: PTA60H-0H601F | K51: Tecra A6 | L51: 96150462K | M51: Close
A52: 51 | B52: TIPL:OL:020309-47 | C52: 39847.72 | D52: 39865.602 | E52: vinayak | F52: Pune | G52: 26330828 | H52: 9923121543 | I52: Laptop | J52: PSME2G-00P003 | K52: Satellite L310 | L52: 58302398W | M52: Close
A53: 52 | B53: TIPL:OL:020309-48 | C53: 39847.728 | D53: 39853.447 | E53: Pratik | F53: Mumbai | G53: 9860438374 | H53: 9011522054 | I53: Laptop | J53: PSMADA-00W00D | K53: Satellite M100 | L53: 17369464K | M53: Close
A54: 53 | B54: TIPL:OL:020309-49 | C54: 39847.733 | D54: 39865.627 | E54: Anil | F54: Jaipur | G54: 9460838126 | H54: 9829064322 | I54: Laptop | J54: PSL48L-02000U | K54: Satellite L40 | L54: 97079264R | M54: Close
A55: 54 | B55: TIPL:OL:020309-51 | C55: 39847.76 | D55: 39854.672 | E55: Naila Grewal | F55: Delhi | G55: 9999027477 | H55: 9999027477 | I55: Laptop | J55: PSMD0G-02500P | K55: Satellite M300 | L55: 58149291W | M55: Close
A56: 55 | B56: TIPL:OL:020309-52 | C56: 39847.85 | E56: Parampreet Singh | F56: Jalandhar | G56: 9872264400 | H56: 9463931039 | I56: Laptop | J56: PSME2G-00P003 | K56: Satellite L310 | L56: 58283522W | M56: Open
A57: 56 | B57: TIPL:OL:020409-11 | C57: 39848.456 | E57: Abhishek | F57: Allahabad | G57: 9616507237 | H57: 9616507237 | I57: Laptop | J57: PSL48L-01Y00L | K57: Satellite L40 | L57: 97093851R | M57: Open
A58: 57 | B58: TIPL:OL:020409-12 | C58: 39848.462 | E58: Deepak | F58: jhansi | G58: 2332095 | H58: 9415506653 | I58: Laptop | J58: PSLBGG-00N00N | K58: Satellite L300 | L58: 98750762Q | M58: Open
A59: 58 | B59: TIPL:OL:020409-14 | C59: 39848.478 | D59: 39851.429 | E59: S K Sabir | F59: Jaleshwar | G59: 9238685440 | H59: 9437059160 | I59: Laptop | J59: PPM60L-02C00F | K59: Portege M600 | L59: 77047682W | M59: Close
A60: 59 | B60: TIPL:OL:020409-15 | C60: 39848.49 | D60: 39853.624 | E60: Manish | F60: Gurgaon | G60: 9212511514 | H60: 9212511514 | I60: Laptop | J60: PTA50L-08D01G | K60: Tecra A5 | L60: Z5323376K | M60: Close
A61: 60 | B61: TIPL:OL:020409-16 | C61: 39848.493 | D61: 39850.754 | E61: Veepuri VijayaNath | F61: Bangalore | G61: 9901765530 | H61: 2211849 | I61: Laptop | J61: PSLA0E-00L006S4 | K61: Satellite L100 | L61: 36038763W | M61: Close
A62: 61 | B62: TIPL:OL:020409-18 | C62: 39848.507 | E62: Asfaq ahmad | F62: Srinagar | G62: 9419004710 | H62: 9419004710 | I62: Laptop | J62: PSL40L-03301W | K62: Satellite L40 | L62: 87092839R | M62: Reject
A63: 62 | B63: TIPL:OL:020409-19 | C63: 39848.507 | E63: Dharminder | F63: Delhi | G63: 9818065564 | I63: Laptop | J63: PTM20U-Y1RQQ8 | K63: Tecra M2 | L63: Y4030719H | M63: Open
A64: 63 | B64: TIPL:OL:020409-20 | C64: 39848.528 | E64: Sudhir | F64: Mangalore | G64: 42453321 | H64: 9845083639 | I64: Laptop | J64: PSLBGG-00N00N | K64: Satellite L300 | L64: X8135425Q | M64: Open
A65: 64 | B65: TIPL:OL:020409-23 | C65: 39848.569 | E65: Rajesh Kumar Rajpatnaik | F65: Delhi | G65: 9937131777 | H65: 9437577724 | I65: Laptop | J65: PSAAKL-00D008 | K65: Satellite A100 | L65: 17302902Q | M65: Open
A66: 65 | B66: TIPL:OL:020409-25 | C66: 39848.601 | D66: 39855.76 | E66: Sandeep | F66: Delhi | G66: 9899386320 | H66: 9313072475 | I66: Laptop | J66: PSL2XL-01R007 | K66: Satellite L20 | L66: Y5175276W | M66: Close
A67: 66 | B67: TIPL:OL:020409-27 | C67: 39848.612 | D67: 39865.69 | E67: Shailesh | F67: Pune | G67: 9823009642 | H67: 9823009630 | I67: Laptop | J67: PPM40L-1Y102V | K67: Portege M400 | L67: Y6143629H | M67: Close
A68: 67 | B68: TIPL:OL:020409-29 | C68: 39848.617 | E68: INDO AUTO TECH LTD | F68: faridabad | G68: 9312009014 | H68: 9312009014 | I68: Laptop | J68: PSME2G-00P003 | K68: Satellite L310 | L68: 58302735W | M68: Open
A69: 68 | B69: TIPL:OL:020409-30 | C69: 39848.619 | E69: Sikander Singh | F69: Ludhiana | G69: 2564784 | H69: 9417816404 | I69: Laptop | J69: PSAE3C-12V08C | K69: Satellite A200 | L69: Y7117075K | M69: Open
A70: 69 | B70: TIPL:OL:020409-31 | C70: 39848.622 | E70: INTIHAS | F70: BANGALORE | G70: 40919425 | H70: 9341419122 | I70: Laptop | J70: PT900U-03EJ98 | K70: Tecra 9000 | L70: Y1051618PU | M70: On Hold
A71: 70 | B71: TIPL:OL:020409-32 | C71: 39848.665 | E71: Sunil | F71: delhi | G71: 6568423 | H71: 9818109047 | I71: Laptop | J71: PSM70E-02C00RAR | K71: Satellite M70 | L71: 76150303K | M71: Reject
A72: 71 | B72: TIPL:OL:020409-33 | C72: 39848.689 | D72: 39848.786 | E72: Raman | F72: Delhi | G72: 9212100193 | H72: 9811980800 | I72: Laptop | J72: PSL48L-01Y00L | K72: Satellite L40 | L72: 97093945R | M72: Close
A73: 72 | B73: TIPL:OL:020409-34 | C73: 39848.693 | D73: 39854.476 | E73: Ankita Agarwal | F73: Pune | G73: 9764220628 | H73: 9423590978 | I73: Laptop | J73: PSA10A-012NHP | K73: Satellite A10 | L73: Y3055997P | M73: Close
A74: 73 | B74: TIPL:OL:020409-35 | C74: 39848.708 | E74: Shri Ram city union finance ltd | F74: LUDHIANA | G74: 5087672 | H74: 9877135325 | I74: Laptop | J74: PSL48L-02000U | K74: Satellite L40 | L74: 97103081R | M74: Open
A75: 74 | B75: TIPL:OL:020409-38 | C75: 39848.788 | E75: Vindal chima | F75: Chandigarh | G75: 2622826 | H75: 9872890904 | I75: Laptop | J75: PSAFCL-01L00P | K75: Satellite A200 | L75: 47213775Q | M75: Open
A76: 75 | B76: TIPL:OL:020409-39 | C76: 39848.793 | D76: 39858.903 | E76: MH. SAHAJAN | F76: ALIGARH | G76: 3298469 | H76: 9319774074 | I76: Laptop | J76: PSA72U-00V00U | K76: Satellite M35 | L76: 94399856K | M76: Close
A77: 76 | B77: TIPL:OL:020409-40 | C77: 39848.795 | E77: Pramod Kumar | F77: Gurgaon | G77: 9868435630 | H77: 9873667654 | I77: Laptop | J77: PSMA0L-17Y009 | K77: Satellite M100 | L77: X6167630K | M77: Reject
A78: 77 | B78: TIPL:OL:020409-42 | C78: 39848.901 | E78: Zulficar | F78: kerala | G78: 9480549854 | H78: 2490446 | I78: Laptop | J78: PSMD0U-01Y00Q | K78: Satellite M300 | L78: 48361610W | M78: On Hold
A79: 78 | B79: TIPL:OL:020509-7 | C79: 39849.447 | E79: Rahul KumBHar | F79: MUMBAI | G79: 9867032638 | I79: Laptop | J79: PSME2G-00P003 | K79: Satellite L310 | L79: 48044543W | M79: Open
A80: 79 | B80: TIPL:OL:020509-9 | C80: 39849.459 | E80: DEEPAK | F80: INDORE | G80: 2493535 | H80: 9826423566 | I80: Laptop | J80: PSLC8U-00D010 | K80: Satellite L300 | L80: 88511793Q | M80: Open
A81: 80 | B81: TIPL:OL:020509-12 | C81: 39849.473 | D81: 39850.722 | E81: Neetu Gupta | F81: Delhi | G81: 23584806 | I81: Laptop | J81: PSP16E-0W349-EN | K81: Satellite P10 | L81: 94322316K | M81: Close
A82: 81 | B82: TIPL:OL:020509-13 | C82: 39849.481 | E82: Kalpit | F82: Indore | H82: 9993351779 | I82: Laptop | J82: PSL4CL-001002 | K82: Satellite L40 | L82: X7060876R | M82: Open
A83: 82 | B83: TIPL:OL:020509-16 | C83: 39849.485 | E83: ANIL | F83: Delhi | G83: 24641993 | H83: 9717621994 | I83: Laptop | J83: PSM50U-06Q01V | K83: Satellite M53 | L83: X5204039K | M83: Reject
A84: 83 | B84: TIPL:OL:020509-18 | C84: 39849.494 | D84: 39853.764 | E84: Siddharth | F84: Bangalore | G84: 9437152429 | H84: 9731371346 | I84: Laptop | J84: PSME2G-00P003 | K84: Satellite L310 | L84: 58097668W | M84: Close
A85: 84 | B85: TIPL:OL:020509-19 | C85: 39849.496 | D85: 39853.797 | E85: Sunita | F85: Jalandar | G85: 2482152 | H85: 9357350846 | I85: Laptop | J85: PSAG4G-02J00N | K85: Satellite A300 | L85: 58079227Q | M85: Close
A86: 85 | B86: TIPL:OL:020509-21 | C86: 39849.508 | E86: Arun kumar Garg | F86: Delhi | G86: 9868135034 | H86: 9868135034 | I86: Laptop | J86: PSA80L-08002W | K86: Satellite A80 | L86: Y5264433K | M86: Reject
A87: 86 | B87: TIPL:OL:020509-23 | C87: 39849.509 | E87: Manish Rajan | F87: bangalore | G87: 9900230752 | H87: 9900230752 | I87: Laptop | J87: PPM51L-00C005 | K87: Portege M500 | L87: 76141837H | M87: Open
A88: 87 | B88: TIPL:OL:020509-24 | C88: 39849.53 | E88: PRIYANKA | F88: PANIPATH | G88: 2587292 | H88: 9253033906 | I88: Laptop | J88: PSME2G-00Q003 | K88: Satellite L310 | L88: 48079135W | M88: Reject
A89: 88 | B89: TIPL:OL:020509-27 | C89: 39849.55 | E89: Shadab | F89: Delhi | G89: 9470371285 | H89: 9470371285 | I89: Laptop | J89: PSAD6U-00R00D | K89: Satellite A135 | L89: 17269642K | M89: Open
A90: 89 | B90: TIPL:OL:020509-29 | C90: 39849.579 | E90: Jacob ballas capital Ind pvt l | F90: delhi | G90: 9899013007 | H90: 9899013007 | I90: Laptop | J90: PPR50L-04E039 | K90: Portege R500 | L90: 48070663H | M90: On Hold
A91: 90 | B91: TIPL:OL:020509-31 | C91: 39849.589 | D91: 39860.543 | E91: Rosmerta Technologies Pvt.Ltd. | F91: Delhi | G91: 410055 | H91: 9310011148 | I91: Laptop | J91: PPM51L-01800H | K91: Portege M500 | L91: 17078328H | M91: Close
A92: 91 | B92: TIPL:OL:020509-33 | C92: 39849.606 | D92: 39864.537 | E92: AJAY | F92: GURGAON | G92: 4177400 | H92: 9312490581 | I92: Laptop | J92: PPM60L-02C00F | K92: Portege M600 | L92: 97051060W | M92: Close
A93: 92 | B93: TIPL:OL:020509-39 | C93: 39849.648 | D93: 39858.649 | E93: Barshan | F93: Sircourt | G93: 9988690404 | H93: 9417078927 | I93: Laptop | J93: PSMC0L-00N00D | K93: Satellite M200 | L93: 67150234Q | M93: Close
A94: 93 | B94: TIPL:OL:020509-40 | C94: 39849.657 | D94: 39863.699 | E94: Vivan Malhotra | F94: Lucknow | G94: 9839360249 | H94: 9415993167 | I94: Laptop | J94: PTA83L-08L02N | K94: Satellite Pro A120 | L94: Z6087221H | M94: Close
A95: 94 | B95: TIPL:OL:020509-42 | C95: 39849.658 | D95: 39857.769 | E95: Kishan Kumar | F95: Nava Shahar | G95: 9814392852 | H95: 228131 | I95: Laptop | J95: PSLBGG-00N00N | K95: Satellite L300 | L95: 98749272Q | M95: Close
A96: 95 | B96: TIPL:OL:020509-43 | C96: 39849.661 | D96: 39851.79 | E96: Anand | F96: Bangalore | G96: 9980569479 | H96: 9008483823 | I96: Laptop | J96: PSME2G-00Q003 | K96: Satellite L310 | L96: 48079039W | M96: Close
A97: 96 | B97: TIPL:OL:020509-47 | C97: 39849.674 | D97: 39853.795 | E97: Ankit | F97: Ludhiana | G97: 9888689993 | H97: 9888689993 | I97: Laptop | J97: PSMC0L-02400D | K97: Satellite M200 | L97: 87121637Q | M97: Close
A98: 97 | B98: TIPL:OL:020509-48 | C98: 39849.68 | D98: 39860.631 | E98: SRS Group | F98: Faridabad | G98: 4108949 | H98: 9310454897 | I98: Laptop | J98: PSME2G-00Q003 | K98: Satellite L310 | L98: 58085710W | M98: Close
A99: 98 | B99: TIPL:OL:020509-50 | C99: 39849.691 | D99: 39865.629 | E99: TASMEEN | F99: JAIPUR | G99: 9799997740 | H99: 9414543241 | I99: Laptop | J99: PSME2G-00Q003 | K99: Satellite L310 | L99: 58085873W | M99: Close
A100: 99 | B100: TIPL:OL:020509-54 | C100: 39849.714 | D100: 39850.547 | E100: Mow chatterjee | F100: Kolkata | G100: 9474436615 | H100: 9836300404 | I100: Laptop | J100: PSAF3L-035012 | K100: Satellite A200 | L100: 77134715Q | M100: Close
...

Sheet VLOOKUP - 1D
A1: Case Id | B1: Customer Name | C1: Model
A2: TIPL:OL:020209-28 | B2: =VLOOKUP($A2,'HelpDesk Data'!$B$1:$M$636,4,0) -> Krishana | C2: =VLOOKUP($A2,'HelpDesk Data'!$B$1:$M$636,10,0) -> Satellite A105
A3: TIPL:OL:020209-23 | B3: =VLOOKUP($A3,'HelpDesk Data'!$B$1:$M$636,4,0) -> Abaas | C3: =VLOOKUP($A3,'HelpDesk Data'!$B$1:$M$636,10,0) -> Satellite L30
A4: TIPL:OL:020609-18 | B4: =VLOOKUP($A4,'HelpDesk Data'!$B$1:$M$636,4,0) -> Abhijeet | C4: =VLOOKUP($A4,'HelpDesk Data'!$B$1:$M$636,10,0) -> Portege R200
A5: TIPL:OL:021309-46 | B5: =VLOOKUP($A5,'HelpDesk Data'!$B$1:$M$636,4,0) -> Abhijit gohain | C5: =VLOOKUP($A5,'HelpDesk Data'!$B$1:$M$636,10,0) -> Satellite M200
A6: TIPL:OL:021209-14 | B6: =VLOOKUP($A6,'HelpDesk Data'!$B$1:$M$636,4,0) -> Abhilash Anand | C6: =VLOOKUP($A6,'HelpDesk Data'!$B$1:$M$636,10,0) -> Satellite A30
A7: TIPL:OL:021309-23 | B7: =VLOOKUP($A7,'HelpDesk Data'!$B$1:$M$636,4,0) -> Abhinav | C7: =VLOOKUP($A7,'HelpDesk Data'!$B$1:$M$636,10,0) -> Satellite L300
A8: TIPL:OL:020409-11 | B8: =VLOOKUP($A8,'HelpDesk Data'!$B$1:$M$636,4,0) -> Abhishek | C8: =VLOOKUP($A8,'HelpDesk Data'!$B$1:$M$636,10,0) -> Satellite L40
A9: TIPL:OL:021009-9 | B9: =VLOOKUP($A9,'HelpDesk Data'!$B$1:$M$636,4,0) -> Abhishek | C9: =VLOOKUP($A9,'HelpDesk Data'!$B$1:$M$636,10,0) -> Satellite A200
A10: TIPL:OL:021109-32 | B10: =VLOOKUP($A10,'HelpDesk Data'!$B$1:$M$636,4,0) -> Abhishek | C10: =VLOOKUP($A10,'HelpDesk Data'!$B$1:$M$636,10,0) -> Tecra M3
A11: TIPL:OL:021309-25 | B11: =VLOOKUP($A11,'HelpDesk Data'!$B$1:$M$636,4,0) -> Abhishek | C11: =VLOOKUP($A11,'HelpDesk Data'!$B$1:$M$636,10,0) -> Satellite M200
A12: TIPL:OL:020709-41 | B12: =VLOOKUP($A12,'HelpDesk Data'!$B$1:$M$636,4,0) -> Abhishek Roy | C12: =VLOOKUP($A12,'HelpDesk Data'!$B$1:$M$636,10,0) -> Satellite L300
A13: TIPL:OL:020309-28 | B13: =VLOOKUP($A13,'HelpDesk Data'!$B$1:$M$636,4,0) -> ABID | C13: =VLOOKUP($A13,'HelpDesk Data'!$B$1:$M$636,10,0) -> Satellite A100
... A243: TIPL:OL:021609-22 | B243: =VLOOKUP($A243,'HelpDesk Data'!$B$1:$M$636,4,0) -> Yogesh Garg | C243: =VLOOKUP($A243,'HelpDesk Data'!$B$1:$M$636,10,0) -> Satellite Pro A120

Sheet MATCH
A1: Agent Name
A2: Amarjeet Singh | C2: Sunday | D2: Monday | E2: Tuesday | F2: Wednesday | G2: Thursday | H2: Friday | I2: Saturday
A3: Sachin Kumar Sharma
A4: Mohit Malik
A5: Deepak Sharma | C5: Monday | D5: =MATCH(C5,$C$2:$I$2,0) -> 2
A6: Kratika Bhatnagar | C6: Thursday | D6: =MATCH(C6,$C$2:$I$2,0) -> 5
A7: Gaurav Khanna
A8: Asif Khan | C8: Case Id | D8: Customer Name | E8: City | F8: Call Status | G8: Mobile No | H8: Contact No
A9: Vivek Pant
A10: Pallavi Srivastava | D10: City
A11: Anoop Kumar Singh | D11: =MATCH(D10,C8:H8,0) -> 3
A14: Deepak Sharma | B14: =MATCH(A14,A2:A11,0) -> 4
A15: Pallavi Srivastava | B15: =MATCH(A15,A2:A11,0) -> 9
C62: a
C63: b
C64: c | D64: =MATCH("b",C62:C64,0) -> 2
C67: a | D67: b | E67: c | F67: =MATCH("b",C67:E67,0) -> 2

Sheet VLOOKUP - 2D
A1: Case Id | B1: Customer Name | C1: City | D1: Call Status | E1: Mobile No | F1: Call Status
A2: TIPL:OL:020209-2 | B2: =VLOOKUP($A2,'HelpDesk Data'!$B$1:$M$636,MATCH(B$1,'HelpDesk Data'!$B$1:$M$1,0),0) -> Dr Arif | C2: =VLOOKUP($A2,'HelpDesk Data'!$B$1:$M$636,MATCH(C$1,'HelpDesk Data'!$B$1:$M$1,0),0) -> Lucknow | D2: =VLOOKUP($A2,'HelpDesk Data'!$B$1:$M$636,MATCH(D$1,'HelpDesk Data'!$B$1:$M$1,0),0) -> Close | E2: =VLOOKUP($A2,'HelpDesk Data'!$B$1:$M$636,MATCH(E$1,'HelpDesk Data'!$B$1:$M$1,0),0) -> 9514018637 | F2: =VLOOKUP($A2,'HelpDesk Data'!$B$1:$M$636,MATCH(F$1,'HelpDesk Data'!$B$1:$M$1,0),0) -> Close
A3: TIPL:OL:020209-23 | B3: =VLOOKUP($A3,'HelpDesk Data'!$B$1:$M$636,MATCH(B$1,'HelpDesk Data'!$B$1:$M$1,0),0) -> Abaas | C3: =VLOOKUP($A3,'HelpDesk Data'!$B$1:$M$636,MATCH(C$1,'HelpDesk Data'!$B$1:$M$1,0),0) -> Delhi | D3: =VLOOKUP($A3,'HelpDesk Data'!$B$1:$M$636,MATCH(D$1,'HelpDesk Data'!$B$1:$M$1,0),0) -> Close | E3: =VLOOKUP($A3,'HelpDesk Data'!$B$1:$M$636,MATCH(E$1,'HelpDesk Data'!$B$1:$M$1,0),0) -> 9999846095 | F3: =VLOOKUP($A3,'HelpDesk Data'!$B$1:$M$636,MATCH(F$1,'HelpDesk Data'!$B$1:$M$1,0),0) -> Close
A4: TIPL:OL:020609-18 | B4: =VLOOKUP($A4,'HelpDesk Data'!$B$1:$M$636,MATCH(B$1,'HelpDesk Data'!$B$1:$M$1,0),0) -> Abhijeet | C4: =VLOOKUP($A4,'HelpDesk Data'!$B$1:$M$636,MATCH(C$1,'HelpDesk Data'!$B$1:$M$1,0),0) -> Pune | D4: =VLOOKUP($A4,'HelpDesk Data'!$B$1:$M$636,MATCH(D$1,'HelpDesk Data'!$B$1:$M$1,0),0) -> Close | E4: =VLOOKUP($A4,'HelpDesk Data'!$B$1:$M$636,MATCH(E$1,'HelpDesk Data'!$B$1:$M$1,0),0) -> 26931457 | F4: =VLOOKUP($A4,'HelpDesk Data'!$B$1:$M$636,MATCH(F$1,'HelpDesk Data'!$B$1:$M$1,0),0) -> Close
A5: TIPL:OL:021309-46 | B5: =VLOOKUP($A5,'HelpDesk Data'!$B$1:$M$636,MATCH(B$1,'HelpDesk Data'!$B$1:$M$1,0),0) -> Abhijit gohain | C5: =VLOOKUP($A5,'HelpDesk Data'!$B$1:$M$636,MATCH(C$1,'HelpDesk Data'!$B$1:$M$1,0),0) -> Assam | D5: =VLOOKUP($A5,'HelpDesk Data'!$B$1:$M$636,MATCH(D$1,'HelpDesk Data'!$B$1:$M$1,0),0) -> Open | E5: =VLOOKUP($A5,'HelpDesk Data'!$B$1:$M$636,MATCH(E$1,'HelpDesk Data'!$B$1:$M$1,0),0) -> 9435048612 | F5: =VLOOKUP($A5,'HelpDesk Data'!$B$1:$M$636,MATCH(F$1,'HelpDesk Data'!$B$1:$M$1,0),0) -> Open
A6: TIPL:OL:021209-14 | B6: =VLOOKUP($A6,'HelpDesk Data'!$B$1:$M$636,MATCH(B$1,'HelpDesk Data'!$B$1:$M$1,0),0) -> Abhilash Anand | C6: =VLOOKUP($A6,'HelpDesk Data'!$B$1:$M$636,MATCH(C$1,'HelpDesk Data'!$B$1:$M$1,0),0) -> Bangalore | D6: =VLOOKUP($A6,'HelpDesk Data'!$B$1:$M$636,MATCH(D$1,'HelpDesk Data'!$B$1:$M$1,0),0) -> Close | E6: =VLOOKUP($A6,'HelpDesk Data'!$B$1:$M$636,MATCH(E$1,'HelpDesk Data'!$B$1:$M$1,0),0) -> 9741889978 | F6: =VLOOKUP($A6,'HelpDesk Data'!$B$1:$M$636,MATCH(F$1,'HelpDesk Data'!$B$1:$M$1,0),0) -> Close
A7: TIPL:OL:021309-23 | B7: =VLOOKUP($A7,'HelpDesk Data'!$B$1:$M$636,MATCH(B$1,'HelpDesk Data'!$B$1:$M$1,0),0) -> Abhinav | C7: =VLOOKUP($A7,'HelpDesk Data'!$B$1:$M$636,MATCH(C$1,'HelpDesk Data'!$B$1:$M$1,0),0) -> New Delhi | D7: =VLOOKUP($A7,'HelpDesk Data'!$B$1:$M$636,MATCH(D$1,'HelpDesk Data'!$B$1:$M$1,0),0) -> Close | E7: =VLOOKUP($A7,'HelpDesk Data'!$B$1:$M$636,MATCH(E$1,'HelpDesk Data'!$B$1:$M$1,0),0) -> 9871189077 | F7: =VLOOKUP($A7,'HelpDesk Data'!$B$1:$M$636,MATCH(F$1,'HelpDesk Data'!$B$1:$M$1,0),0) -> Close
A8: TIPL:OL:020409-11 | B8: =VLOOKUP($A8,'HelpDesk Data'!$B$1:$M$636,MATCH(B$1,'HelpDesk Data'!$B$1:$M$1,0),0) -> Abhishek | C8: =VLOOKUP($A8,'HelpDesk Data'!$B$1:$M$636,MATCH(C$1,'HelpDesk Data'!$B$1:$M$1,0),0) -> Allahabad | D8: =VLOOKUP($A8,'HelpDesk Data'!$B$1:$M$636,MATCH(D$1,'HelpDesk Data'!$B$1:$M$1,0),0) -> Open | E8: =VLOOKUP($A8,'HelpDesk Data'!$B$1:$M$636,MATCH(E$1,'HelpDesk Data'!$B$1:$M$1,0),0) -> 9616507237 | F8: =VLOOKUP($A8,'HelpDesk Data'!$B$1:$M$636,MATCH(F$1,'HelpDesk Data'!$B$1:$M$1,0),0) -> Open
A9: TIPL:OL:021009-9 | B9: =VLOOKUP($A9,'HelpDesk Data'!$B$1:$M$636,MATCH(B$1,'HelpDesk Data'!$B$1:$M$1,0),0) -> Abhishek | C9: =VLOOKUP($A9,'HelpDesk Data'!$B$1:$M$636,MATCH(C$1,'HelpDesk Data'!$B$1:$M$1,0),0) -> Bangalore | D9: =VLOOKUP($A9,'HelpDesk Data'!$B$1:$M$636,MATCH(D$1,'HelpDesk Data'!$B$1:$M$1,0),0) -> Open | E9: =VLOOKUP($A9,'HelpDesk Data'!$B$1:$M$636,MATCH(E$1,'HelpDesk Data'!$B$1:$M$1,0),0) -> 9880461800 | F9: =VLOOKUP($A9,'HelpDesk Data'!$B$1:$M$636,MATCH(F$1,'HelpDesk Data'!$B$1:$M$1,0),0) -> Open
A10: TIPL:OL:021109-32 | B10: =VLOOKUP($A10,'HelpDesk Data'!$B$1:$M$636,MATCH(B$1,'HelpDesk Data'!$B$1:$M$1,0),0) -> Abhishek | C10: =VLOOKUP($A10,'HelpDesk Data'!$B$1:$M$636,MATCH(C$1,'HelpDesk Data'!$B$1:$M$1,0),0) -> Bangalore | D10: =VLOOKUP($A10,'HelpDesk Data'!$B$1:$M$636,MATCH(D$1,'HelpDesk Data'!$B$1:$M$1,0),0) -> Open | E10: =VLOOKUP($A10,'HelpDesk Data'!$B$1:$M$636,MATCH(E$1,'HelpDesk Data'!$B$1:$M$1,0),0) -> 23600752 | F10: =VLOOKUP($A10,'HelpDesk Data'!$B$1:$M$636,MATCH(F$1,'HelpDesk Data'!$B$1:$M$1,0),0) -> Open
A11: TIPL:OL:021309-25 | B11: =VLOOKUP($A11,'HelpDesk Data'!$B$1:$M$636,MATCH(B$1,'HelpDesk Data'!$B$1:$M$1,0),0) -> Abhishek | C11: =VLOOKUP($A11,'HelpDesk Data'!$B$1:$M$636,MATCH(C$1,'HelpDesk Data'!$B$1:$M$1,0),0) -> Delhi | D11: =VLOOKUP($A11,'HelpDesk Data'!$B$1:$M$636,MATCH(D$1,'HelpDesk Data'!$B$1:$M$1,0),0) -> Close | E11: =VLOOKUP($A11,'HelpDesk Data'!$B$1:$M$636,MATCH(E$1,'HelpDesk Data'!$B$1:$M$1,0),0) -> 9216232304 | F11: =VLOOKUP($A11,'HelpDesk Data'!$B$1:$M$636,MATCH(F$1,'HelpDesk Data'!$B$1:$M$1,0),0) -> Close
A12: TIPL:OL:020709-41 | B12: =VLOOKUP($A12,'HelpDesk Data'!$B$1:$M$636,MATCH(B$1,'HelpDesk Data'!$B$1:$M$1,0),0) -> Abhishek Roy | C12: =VLOOKUP($A12,'HelpDesk Data'!$B$1:$M$636,MATCH(C$1,'HelpDesk Data'!$B$1:$M$1,0),0) -> Lucknow | D12: =VLOOKUP($A12,'HelpDesk Data'!$B$1:$M$636,MATCH(D$1,'HelpDesk Data'!$B$1:$M$1,0),0) -> Open | E12: =VLOOKUP($A12,'HelpDesk Data'!$B$1:$M$636,MATCH(E$1,'HelpDesk Data'!$B$1:$M$1,0),0) -> 9794493172 | F12: =VLOOKUP($A12,'HelpDesk Data'!$B$1:$M$636,MATCH(F$1,'HelpDesk Data'!$B$1:$M$1,0),0) -> Open
A13: TIPL:OL:020309-28 | B13: =VLOOKUP($A13,'HelpDesk Data'!$B$1:$M$636,MATCH(B$1,'HelpDesk Data'!$B$1:$M$1,0),0) -> ABID | C13: =VLOOKUP($A13,'HelpDesk Data'!$B$1:$M$636,MATCH(C$1,'HelpDesk Data'!$B$1:$M$1,0),0) -> PUNE | D13: =VLOOKUP($A13,'HelpDesk Data'!$B$1:$M$636,MATCH(D$1,'HelpDesk Data'!$B$1:$M$1,0),0) -> Close | E13: =VLOOKUP($A13,'HelpDesk Data'!$B$1:$M$636,MATCH(E$1,'HelpDesk Data'!$B$1:$M$1,0),0) -> 9881994565 | F13: =VLOOKUP($A13,'HelpDesk Data'!$B$1:$M$636,MATCH(F$1,'HelpDesk Data'!$B$1:$M$1,0),0) -> Close
... A22: TIPL:OL:020509-43 | B22: =VLOOKUP($A22,'HelpDesk Data'!$B$1:$M$636,MATCH(B$1,'HelpDesk Data'!$B$1:$M$1,0),0) -> Anand | C22: =VLOOKUP($A22,'HelpDesk Data'!$B$1:$M$636,MATCH(C$1,'HelpDesk Data'!$B$1:$M$1,0),0) -> Bangalore | D22: =VLOOKUP($A22,'HelpDesk Data'!$B$1:$M$636,MATCH(D$1,'HelpDesk Data'!$B$1:$M$1,0),0) -> Close | E22: =VLOOKUP($A22,'HelpDesk Data'!$B$1:$M$636,MATCH(E$1,'HelpDesk Data'!$B$1:$M$1,0),0) -> 9008483823 | F22: =VLOOKUP($A22,'HelpDesk Data'!$B$1:$M$636,MATCH(F$1,'HelpDesk Data'!$B$1:$M$1,0),0) -> Close
A23: TIPL:OL:021109-22
A24: TIPL:OL:020209-24
A25: TIPL:OL:021709-74
A26: TIPL:OL:020509-47
A27: TIPL:OL:020609-47
A28: TIPL:OL:020409-34
A29: TIPL:OL:021109-13
A30: TIPL:OL:021109-15
A31: TIPL:OL:021209-2
A32: TIPL:OL:021309-40
A33: TIPL:OL:021709-31
A34: TIPL:OL:020309-35
... A243: TIPL:OL:021609-22

Sheet INDEX
A1: Agent Name
A2: Amarjeet Singh | C2: Sunday | D2: Monday | E2: Tuesday | F2: Wednesday | G2: Thursday | H2: Friday | I2: Saturday
A3: Sachin Kumar Sharma | C3: January | D3: February | E3: March | F3: April | G3: May | H3: June | I3: July
A4: Mohit Malik
A5: Deepak Sharma
A6: Kratika Bhatnagar | C6: ROW | D6: COL
A7: Gaurav Khanna | C7: 1 | D7: 3 | E7: =INDEX($C$2:$I$3,C7,D7) -> Tuesday
A8: Asif Khan | C8: 2 | D8: 5 | E8: =INDEX($C$2:$I$3,C8,D8) -> May
A9: Ajaj Kumar Rana
A10: Aakash Bhutani | C10: Sunday | D10: Monday | E10: Tuesday | G10: Thursday | H10: Friday | I10: Saturday
A11: Praveen Sharma | C11: January | D11: February | E11: March | G11: May | H11: June | I11: July
A12: Ravi Ranjan
A13: Vivek Pant | D13: 1 | H13: 2
A14: Pallavi Srivastava
A15: Anoop Kumar Singh
G16: =INDEX((C10:E11,G10:I11),1,2,2) -> #ERROR!
A18: 5 | B18: {=INDEX(A2:A15,A18,1)} -> Kratika Bhatnagar
A19: 9 | B19: {=INDEX(A1:A15,A19,1)} -> Ajaj Kumar Rana

Sheet HelpDesk Data - 1
A1: Sl. No. | B1: Call Rec Date | C1: Call Resolved Date | D1: Customer Name | E1: Case ID | F1: City | G1: Contact No | H1: Mobile No | I1: Product | J1: Product No | K1: Model | L1: Serial No | M1: Call Status
A2: 1 | B2: 39845.415 | C2: 39864.713 | D2: ROHAN SINHA | E2: TIPL:OL:020109-1 | F2: PATNA | G2: 2904637 | H2: 9955999015 | I2: Laptop | J2: PTA83L-04902N | K2: Satellite Pro A120 | L2: 86134701H | M2: Close
A3: 2 | B3: 39845.651 | C3: 39856.682 | D3: Shibashish rodra | E3: TIPL:OL:020109-4 | F3: Delhi | G3: 41323297 | H3: 9999224900 | I3: Laptop | J3: PSL2XL-01R007 | K3: Satellite L20 | L3: 26090969W | M3: Close
A4: 3 | B4: 39845.871 | C4: 39857.72 | D4: Punit | E4: TIPL:OL:020109-9 | F4: Delhi | G4: 9818122220 | H4: 9818522220 | I4: Laptop | J4: PSLB9A-00L002 | K4: Satellite L300 | L4: Y8164930Q | M4: Close
A5: 4 | B5: 39846.349 | C5: 39863.768 | D5: Dr Arif | E5: TIPL:OL:020209-2 | F5: Lucknow | G5: 3019107 | H5: 9514018637 | I5: Laptop | J5: PSAA8L-1QU04M | K5: Satellite A100 | L5: Z6157544Q | M5: Close
A6: 5 | B6: 39846.417 | D6: TRILOK SINGH | E6: TIPL:OL:020209-3 | F6: INDORE | G6: 9752353537 | H6: 9752353537 | I6: Laptop | J6: PSL15E-00N02GBT | K6: Satellite Pro L10 | L6: 75024540W | M6: Open
A7: 6 | B7: 39846.43 | C7: 39846.748 | D7: Mohhamad Yusufi | E7: TIPL:OL:020209-4 | F7: Delhi | G7: 9910657065 | H7: 9910657174 | I7: Laptop | J7: PSME2G-00Q003 | K7: Satellite L310 | L7: 58259563W | M7: Close
A8: 7 | B8: 39846.539 | C8: 39853.65 | D8: Siraj | E8: TIPL:OL:020209-9 | F8: Banglore | G8: 41510762 | H8: 9008022633 | I8: Laptop | J8: PTA83L-04902N | K8: Satellite A120 | L8: 86137123H | M8: Close
A9: 8 | B9: 39846.554 | C9: 39847.495 | D9: Aujn Malik | E9: TIPL:OL:020209-11 | F9: Delhi | G9: 9899388000 | H9: 9873366660 | I9: Laptop | J9: PTA42U-0K601G | K9: Tecra A4 | L9: 16069918Q | M9: Close
A10: 9 | B10: 39846.559 | D10: Prabhu Nath | E10: TIPL:OL:020209-12 | F10: Lucknow | G10: 9415022405 | H10: 9415022405 | I10: Laptop | J10: PSME2G-00P003 | K10: Satellite L310 | L10: 48044362W | M10: Open
A11: 10 | B11: 39846.571 | C11: 39853.729 | D11: Mrs Bhatiya | E11: TIPL:OL:020209-13 | F11: delhi | G11: 41540600 | H11: 9899936084 | I11: Laptop | J11: PSME6G-00E002 | K11: Satellite L310 | L11: 98172144W | M11: Close
A12: 11 | B12: 39846.585 | D12: Mr Rameshwar | E12: TIPL:OL:020209-16 | F12: Pathankot | G12: 9417222004 | H12: 9417222004 | I12: Laptop | J12: PSME2G-00P003 | K12: Satellite L310 | L12: 58302505W | M12: Open
A13: 12 | B13: 39846.593 | C13: 39851.5 | D13: jitender singh | E13: TIPL:OL:020209-17 | F13: Gurdaspur | G13: 977945778 | H13: 9417222004 | I13: Laptop | J13: PSME2G-00P003 | K13: Satellite L310 | L13: 48313765W | M13: Close
A14: 13 | B14: 39846.606 | D14: Y. N GUPTA | E14: TIPL:OL:020209-19 | F14: GURGAON | G14: 9810010819 | H14: 9350846860 | I14: Laptop | J14: PSL2XL-01R007 | K14: Satellite L20 | L14: X5092012W | M14: Reject
A15: 14 | B15: 39846.627 | C15: 39865.751 | D15: Parth Singh Pundir | E15: TIPL:OL:020209-20 | F15: Dehradun | G15: 9760520000 | H15: 9760520000 | I15: Laptop | J15: PTA83L-08L02N | K15: Satellite Pro A120 | L15: Z6077032H | M15: Close
A16: 15 | B16: 39846.654 | D16: Ashsaq Ahmad | E16: TIPL:OL:020209-21 | F16: rinagar | G16: 2480909 | H16: 9419004710 | I16: Laptop | J16: PSAFCL-01M00P | K16: Satellite A200 | L16: 67085807Q | M16: Reject
A17: 16 | B17: 39846.655 | D17: Manan | E17: TIPL:OL:020209-22 | F17: Delhi | G17: 25252504 | H17: 9810003552 | I17: Laptop | J17: PSAFCA-01K00J | K17: Satellite A200 | L17: 57057490Q | M17: Reject
A18: 17 | B18: 39846.662 | C18: 39851.52 | D18: Abaas | E18: TIPL:OL:020209-23 | F18: Delhi | G18: 9999846095 | H18: 9999846095 | I18: Laptop | J18: PSL30L-00M019 | K18: Satellite L30 | L18: 76125818W | M18: Close
A19: 18 | B19: 39846.686 | D19: Anirudh | E19: TIPL:OL:020209-24 | F19: indore | G19: 7312455872 | H19: 9827091725 | I19: Laptop | J19: PSAA8L-04E00L | K19: Satellite A100 | L19: 26215953Q | M19: Open
A20: 19 | B20: 39846.688 | D20: Himanshu Gautam | E20: TIPL:OL:020209-25 | F20: Agra | G20: 9319579490 | H20: 9319579490 | I20: Laptop | J20: PSL4CL-001002 | K20: Satellite L40 | L20: X7060761R | M20: Open
A21: 20 | B21: 39846.688 | C21: 39847.523 | D21: Arun | E21: TIPL:OL:020209-26 | F21: Chandigarh | G21: 9855379706 | H21: 9855379706 | I21: Laptop | J21: PSAFCL-05U014 | K21: Satellite A100 | L21: 87122150Q | M21: Close
A22: 21 | B22: 39846.699 | D22: Aparna | E22: TIPL:OL:020209-27 | F22: New Delhi | G22: 46049816 | H22: 9313102914 | I22: Laptop | J22: PSM70E-02J01YED | K22: Satellite M70 | L22: 56179215K | M22: On Hold
A23: 22 | B23: 39846.702 | C23: 39849.766 | D23: Krishana | E23: TIPL:OL:020209-28 | F23: Bangalore | G23: 41209640 | H23: 41209640 | I23: Laptop | J23: PSAA0U-01Q002 | K23: Satellite A105 | L23: 26035643Q | M23: Close
A24: 23 | B24: 39846.704 | C24: 39850.542 | D24: Dhananjai Aggarwal | E24: TIPL:OL:020209-30 | F24: Delhi | G24: 9818265320 | H24: 9811011419 | I24: Laptop | J24: PSLB8E-01200HAR | K24: Satellite L300 | L24: 98644550Q | M24: Close
A25: 24 | B25: 39846.71 | D25: Mohemmad Salim | E25: TIPL:OL:020209-32 | F25: Delhi | G25: 9990963734 | H25: 9990963734 | I25: Laptop | J25: PSLB8E-03500HAR | K25: Satellite L300 | L25: X8397781Q | M25: Reject
A26: 25 | B26: 39846.754 | D26: R B Jain | E26: TIPL:OL:020209-35 | F26: Pune | G26: 24266882 | H26: 9823066223 | I26: Laptop | J26: PSA50Z-02700M | K26: Satellite A50 | L26: 74030057J | M26: Open
A27: 26 | B27: 39846.772 | C27: 39864.551 | D27: Sanjeev Tiwari | E27: TIPL:OL:020209-36 | F27: Agra | G27: 9897652216 | H27: 9319206846 | I27: Laptop | J27: PPM60H-09600M | K27: Portege M600 | L27: 28061280W | M27: Close
A28: 27 | B28: 39846.806 | C28: 39848.712 | D28: Manmeet Singh | E28: TIPL:OL:020209-37 | F28: Mohali | G28: 9903429077 | H28: 9748856127 | I28: Laptop | J28: PSME2G-00P003 | K28: Satellite L310 | L28: 58283241W | M28: Close
A29: 28 | B29: 39846.868 | C29: 39848.469 | D29: Ashish | E29: TIPL:OL:020209-42 | F29: Agra | G29: 9927900722 | H29: 9319531209 | I29: Laptop | J29: PSMCDL-007004 | K29: Satellite L200 | L29: X7084087Q | M29: Close
A30: 29 | B30: 39846.884 | C30: 39850.463 | D30: Vinkle | E30: TIPL:OL:020209-45 | F30: Chandigarh | G30: 9915000227 | H30: 9877012226 | I30: Laptop | J30: PSMC1L-003002 | K30: Satellite M200 | L30: 77170522Q | M30: Close
A31: 30 | B31: 39847.348 | D31: Mh. Javed | E31: TIPL:OL:020309-4 | F31: Shahjahanpur | G31: 9935126241 | H31: 9838637495 | I31: Laptop | J31: PSL40L-03301W | K31: Satellite L40 | L31: 87093889R | M31: Reject
A32: 31 | B32: 39847.423 | C32: 39854.76 | D32: Pradeep | E32: TIPL:OL:020309-6 | F32: bawer | G32: 9214065230 | H32: 1412624250 | I32: Laptop | J32: PSMC1L-009002 | K32: Satellite M200 | L32: 87141703Q | M32: Close
A33: 32 | B33: 39847.439 | D33: Girish Chadha | E33: TIPL:OL:020309-8 | F33: Nalagarh | G33: 9218521381 | H33: 9218521381 | I33: Laptop | J33: PSL48L-02000U | K33: Satellite L40 | L33: 97102675R | M33: Open
A34: 33 | B34: 39847.44 | C34: 39850.728 | D34: Sulabha | E34: TIPL:OL:020309-9 | F34: Mumbai | G34: 21630145 | H34: 9833508905 | I34: Laptop | J34: PSAE3U-06X024 | K34: Satellite A205 | L34: 48194267K | M34: Close
A35: 34 | B35: 39847.464 | C35: 39865.523 | D35: Sagar | E35: TIPL:OL:020309-11 | F35: Pune | G35: 9423040795 | H35: 9422012231 | I35: Laptop | J35: PSME2G-00Q003 | K35: Satellite L310 | L35: 58085890W | M35: Close
A36: 35 | B36: 39847.467 | D36: Mohd Arsad | E36: TIPL:OL:020309-12 | F36: amuraha | G36: 9927021002 | H36: 9358210055 | I36: Laptop | J36: PSME2G-00Q003 | K36: Satellite L310 | L36: 48057869W | M36: Open
A37: 36 | B37: 39847.467 | C37: 39854.598 | D37: Mahesh | E37: TIPL:OL:020309-13 | F37: delhi | G37: 9212652032 | H37: 9717341596 | I37: Laptop | J37: PSMD0G-02500P | K37: Satellite M300 | L37: 48339883W | M37: Close
A38: 37 | B38: 39847.497 | D38: Uday PurWala | E38: TIPL:OL:020309-15 | F38: Mumbai | G38: 9892575069 | H38: 9892575069 | I38: Laptop | J38: PSME2G-00P003 | K38: Satellite L310 | L38: 48044542W | M38: Open
A39: 38 | B39: 39847.549 | D39: Rahul | E39: TIPL:OL:020309-20 | F39: Delhi | G39: 9911557750 | H39: 9268710181 | I39: Laptop | J39: PTA83L-08L02N | K39: Satellite Pro A120 | L39: Z6087050H | M39: Open
A40: 39 | B40: 39847.563 | C40: 39849.508 | D40: devender | E40: TIPL:OL:020309-22 | F40: NEW DELHI | G40: 9999758272 | H40: 9999758272 | I40: Laptop | J40: PSAAKL-00D008 | K40: Satellite A100 | L40: 17313261Q | M40: Close
A41: 40 | B41: 39847.564 | C41: 39847.719 | D41: vikash | E41: TIPL:OL:020309-23 | F41: Delhi | G41: 9717640556 | H41: 9350581242 | I41: Laptop | J41: PSAA9L-17E04H | K41: Satellite A100 | L41: Y6356613Q | M41: Close
A42: 41 | B42: 39847.574 | C42: 39853.674 | D42: Ishfaq | E42: TIPL:OL:020309-24 | F42: Shrinagar | G42: 9419004710 | H42: 9419004710 | I42: Laptop | J42: PSAG4G-02J00N | K42: Satellite A300 | L42: 58079071Q | M42: Close
A43: 42 | B43: 39847.6 | D43: MR J.B Singh | E43: TIPL:OL:020309-27 | F43: chandigarh | G43: 9876996557 | H43: 9466131191 | I43: Laptop | J43: PTA83L-08L02N | K43: Satellite Pro A120 | L43: Z6087283H | M43: Open
A44: 43 | B44: 39847.61 | C44: 39855.54 | D44: ABID | E44: TIPL:OL:020309-28 | F44: PUNE | G44: 9881994565 | H44: 9881994565 | I44: Laptop | J44: PSAA9L-148045 | K44: Satellite A100 | L44: Z6158776Q | M44: Close
A45: 44 | B45: 39847.638 | C45: 39855.55 | D45: Kapil Kumar | E45: TIPL:OL:020309-31 | F45: Ludhiana | G45: 4641569 | H45: 9814181569 | I45: Laptop | J45: PSLBGG-00N00N | K45: Satellite L300 | L45: 98739171Q | M45: Close
A46: 45 | B46: 39847.641 | D46: Shahjahan | E46: TIPL:OL:020309-32 | F46: Bangalore | G46: 9880127234 | H46: 9845337382 | I46: Laptop | J46: PQF55E-00V012AR | K46: Qosmio F40 | L46: 88144690K | M46: Reject
A47: 46 | B47: 39847.664 | C47: 39855.664 | D47: Arpit Sachdeva | E47: TIPL:OL:020309-35 | F47: Jaipur | G47: 9351560344 | H47: 9884468998 | I47: Laptop | J47: PTA83L-04902N | K47: Satellite Pro A120 | L47: 76165037H | M47: Close
A48: 47 | B48: 39847.681 | C48: 39848.451 | D48: Debashish | E48: TIPL:OL:020309-38 | F48: Kolkata | G48: 22428307 | H48: 9830087949 | I48: Laptop | J48: PSME2G-00Q003 | K48: Satellite L310 | L48: 48078684W | M48: Close
A49: 48 | B49: 39847.684 | C49: 39861.51 | D49: Abizar Teawala | E49: TIPL:OL:020309-40 | F49: Pune | G49: 9764226377 | H49: 9764226377 | I49: Laptop | J49: PSA10U-00RESV | K49: Satellite A10 | L49: 83043978H | M49: Close
A50: 49 | B50: 39847.689 | C50: 39855.533 | D50: SUNIL KUMAR | E50: TIPL:OL:020309-41 | F50: KARNAL | G50: 231003 | H50: 9729024214 | I50: Laptop | J50: PSMD0G-02500P | K50: Satellite M300 | L50: 48279927W | M50: Close
A51: 50 | B51: 39847.708 | C51: 39850.725 | D51: Chirag gupta | E51: TIPL:OL:020309-43 | F51: Delhi | G51: 9999133434 | H51: 9811130480 | I51: Laptop | J51: PTA60H-0H601F | K51: Tecra A6 | L51: 96150462K | M51: Close
A52: 51 | B52: 39847.72 | C52: 39865.602 | D52: vinayak | E52: TIPL:OL:020309-47 | F52: Pune | G52: 26330828 | H52: 9923121543 | I52: Laptop | J52: PSME2G-00P003 | K52: Satellite L310 | L52: 58302398W | M52: Close
A53: 52 | B53: 39847.728 | C53: 39853.447 | D53: Pratik | E53: TIPL:OL:020309-48 | F53: Mumbai | G53: 9860438374 | H53: 9011522054 | I53: Laptop | J53: PSMADA-00W00D | K53: Satellite M100 | L53: 17369464K | M53: Close
A54: 53 | B54: 39847.733 | C54: 39865.627 | D54: Anil | E54: TIPL:OL:020309-49 | F54: Jaipur | G54: 9460838126 | H54: 9829064322 | I54: Laptop | J54: PSL48L-02000U | K54: Satellite L40 | L54: 97079264R | M54: Close
A55: 54 | B55: 39847.76 | C55: 39854.672 | D55: Naila Grewal | E55: TIPL:OL:020309-51 | F55: Delhi | G55: 9999027477 | H55: 9999027477 | I55: Laptop | J55: PSMD0G-02500P | K55: Satellite M300 | L55: 58149291W | M55: Close
A56: 55 | B56: 39847.85 | D56: Parampreet Singh | E56: TIPL:OL:020309-52 | F56: Jalandhar | G56: 9872264400 | H56: 9463931039 | I56: Laptop | J56: PSME2G-00P003 | K56: Satellite L310 | L56: 58283522W | M56: Open
A57: 56 | B57: 39848.456 | D57: Abhishek | E57: TIPL:OL:020409-11 | F57: Allahabad | G57: 9616507237 | H57: 9616507237 | I57: Laptop | J57: PSL48L-01Y00L | K57: Satellite L40 | L57: 97093851R | M57: Open
A58: 57 | B58: 39848.462 | D58: Deepak | E58: TIPL:OL:020409-12 | F58: jhansi | G58: 2332095 | H58: 9415506653 | I58: Laptop | J58: PSLBGG-00N00N | K58: Satellite L300 | L58: 98750762Q | M58: Open
A59: 58 | B59: 39848.478 | C59: 39851.429 | D59: S K Sabir | E59: TIPL:OL:020409-14 | F59: Jaleshwar | G59: 9238685440 | H59: 9437059160 | I59: Laptop | J59: PPM60L-02C00F | K59: Portege M600 | L59: 77047682W | M59: Close
A60: 59 | B60: 39848.49 | C60: 39853.624 | D60: Manish | E60: TIPL:OL:020409-15 | F60: Gurgaon | G60: 9212511514 | H60: 9212511514 | I60: Laptop | J60: PTA50L-08D01G | K60: Tecra A5 | L60: Z5323376K | M60: Close
A61: 60 | B61: 39848.493 | C61: 39850.754 | D61: Veepuri VijayaNath | E61: TIPL:OL:020409-16 | F61: Bangalore | G61: 9901765530 | H61: 2211849 | I61: Laptop | J61: PSLA0E-00L006S4 | K61: Satellite L100 | L61: 36038763W | M61: Close
A62: 61 | B62: 39848.507 | D62: Asfaq ahmad | E62: TIPL:OL:020409-18 | F62: Srinagar | G62: 9419004710 | H62: 9419004710 | I62: Laptop | J62: PSL40L-03301W | K62: Satellite L40 | L62: 87092839R | M62: Reject
A63: 62 | B63: 39848.507 | D63: Dharminder | E63: TIPL:OL:020409-19 | F63: Delhi | G63: 9818065564 | I63: Laptop | J63: PTM20U-Y1RQQ8 | K63: Tecra M2 | L63: Y4030719H | M63: Open
A64: 63 | B64: 39848.528 | D64: Sudhir | E64: TIPL:OL:020409-20 | F64: Mangalore | G64: 42453321 | H64: 9845083639 | I64: Laptop | J64: PSLBGG-00N00N | K64: Satellite L300 | L64: X8135425Q | M64: Open
A65: 64 | B65: 39848.569 | D65: Rajesh Kumar Rajpatnaik | E65: TIPL:OL:020409-23 | F65: Delhi | G65: 9937131777 | H65: 9437577724 | I65: Laptop | J65: PSAAKL-00D008 | K65: Satellite A100 | L65: 17302902Q | M65: Open
A66: 65 | B66: 39848.601 | C66: 39855.76 | D66: Sandeep | E66: TIPL:OL:020409-25 | F66: Delhi | G66: 9899386320 | H66: 9313072475 | I66: Laptop | J66: PSL2XL-01R007 | K66: Satellite L20 | L66: Y5175276W | M66: Close
A67: 66 | B67: 39848.612 | C67: 39865.69 | D67: Shailesh | E67: TIPL:OL:020409-27 | F67: Pune | G67: 9823009642 | H67: 9823009630 | I67: Laptop | J67: PPM40L-1Y102V | K67: Portege M400 | L67: Y6143629H | M67: Close
A68: 67 | B68: 39848.617 | D68: INDO AUTO TECH LTD | E68: TIPL:OL:020409-29 | F68: faridabad | G68: 9312009014 | H68: 9312009014 | I68: Laptop | J68: PSME2G-00P003 | K68: Satellite L310 | L68: 58302735W | M68: Open
A69: 68 | B69: 39848.619 | D69: Sikander Singh | E69: TIPL:OL:020409-30 | F69: Ludhiana | G69: 2564784 | H69: 9417816404 | I69: Laptop | J69: PSAE3C-12V08C | K69: Satellite A200 | L69: Y7117075K | M69: Open
A70: 69 | B70: 39848.622 | D70: INTIHAS | E70: TIPL:OL:020409-31 | F70: BANGALORE | G70: 40919425 | H70: 9341419122 | I70: Laptop | J70: PT900U-03EJ98 | K70: Tecra 9000 | L70: Y1051618PU | M70: On Hold
A71: 70 | B71: 39848.665 | D71: Sunil | E71: TIPL:OL:020409-32 | F71: delhi | G71: 6568423 | H71: 9818109047 | I71: Laptop | J71: PSM70E-02C00RAR | K71: Satellite M70 | L71: 76150303K | M71: Reject
A72: 71 | B72: 39848.689 | C72: 39848.786 | D72: Raman | E72: TIPL:OL:020409-33 | F72: Delhi | G72: 9212100193 | H72: 9811980800 | I72: Laptop | J72: PSL48L-01Y00L | K72: Satellite L40 | L72: 97093945R | M72: Close
A73: 72 | B73: 39848.693 | C73: 39854.476 | D73: Ankita Agarwal | E73: TIPL:OL:020409-34 | F73: Pune | G73: 9764220628 | H73: 9423590978 | I73: Laptop | J73: PSA10A-012NHP | K73: Satellite A10 | L73: Y3055997P | M73: Close
A74: 73 | B74: 39848.708 | D74: Shri Ram city union finance ltd | E74: TIPL:OL:020409-35 | F74: LUDHIANA | G74: 5087672 | H74: 9877135325 | I74: Laptop | J74: PSL48L-02000U | K74: Satellite L40 | L74: 97103081R | M74: Open
A75: 74 | B75: 39848.788 | D75: Vindal chima | E75: TIPL:OL:020409-38 | F75: Chandigarh | G75: 2622826 | H75: 9872890904 | I75: Laptop | J75: PSAFCL-01L00P | K75: Satellite A200 | L75: 47213775Q | M75: Open
A76: 75 | B76: 39848.793 | C76: 39858.903 | D76: MH. SAHAJAN | E76: TIPL:OL:020409-39 | F76: ALIGARH | G76: 3298469 | H76: 9319774074 | I76: Laptop | J76: PSA72U-00V00U | K76: Satellite M35 | L76: 94399856K | M76: Close
A77: 76 | B77: 39848.795 | D77: Pramod Kumar | E77: TIPL:OL:020409-40 | F77: Gurgaon | G77: 9868435630 | H77: 9873667654 | I77: Laptop | J77: PSMA0L-17Y009 | K77: Satellite M100 | L77: X6167630K | M77: Reject
A78: 77 | B78: 39848.901 | D78: Zulficar | E78: TIPL:OL:020409-42 | F78: kerala | G78: 9480549854 | H78: 2490446 | I78: Laptop | J78: PSMD0U-01Y00Q | K78: Satellite M300 | L78: 48361610W | M78: On Hold
A79: 78 | B79: 39849.447 | D79: Rahul KumBHar | E79: TIPL:OL:020509-7 | F79: MUMBAI | G79: 9867032638 | I79: Laptop | J79: PSME2G-00P003 | K79: Satellite L310 | L79: 48044543W | M79: Open
A80: 79 | B80: 39849.459 | D80: DEEPAK | E80: TIPL:OL:020509-9 | F80: INDORE | G80: 2493535 | H80: 9826423566 | I80: Laptop | J80: PSLC8U-00D010 | K80: Satellite L300 | L80: 88511793Q | M80: Open
A81: 80 | B81: 39849.473 | C81: 39850.722 | D81: Neetu Gupta | E81: TIPL:OL:020509-12 | F81: Delhi | G81: 23584806 | I81: Laptop | J81: PSP16E-0W349-EN | K81: Satellite P10 | L81: 94322316K | M81: Close
A82: 81 | B82: 39849.481 | D82: Kalpit | E82: TIPL:OL:020509-13 | F82: Indore | H82: 9993351779 | I82: Laptop | J82: PSL4CL-001002 | K82: Satellite L40 | L82: X7060876R | M82: Open
A83: 82 | B83: 39849.485 | D83: ANIL | E83: TIPL:OL:020509-16 | F83: Delhi | G83: 24641993 | H83: 9717621994 | I83: Laptop | J83: PSM50U-06Q01V | K83: Satellite M53 | L83: X5204039K | M83: Reject
A84: 83 | B84: 39849.494 | C84: 39853.764 | D84: Siddharth | E84: TIPL:OL:020509-18 | F84: Bangalore | G84: 9437152429 | H84: 9731371346 | I84: Laptop | J84: PSME2G-00P003 | K84: Satellite L310 | L84: 58097668W | M84: Close
A85: 84 | B85: 39849.496 | C85: 39853.797 | D85: Sunita | E85: TIPL:OL:020509-19 | F85: Jalandar | G85: 2482152 | H85: 9357350846 | I85: Laptop | J85: PSAG4G-02J00N | K85: Satellite A300 | L85: 58079227Q | M85: Close
A86: 85 | B86: 39849.508 | D86: Arun kumar Garg | E86: TIPL:OL:020509-21 | F86: Delhi | G86: 9868135034 | H86: 9868135034 | I86: Laptop | J86: PSA80L-08002W | K86: Satellite A80 | L86: Y5264433K | M86: Reject
A87: 86 | B87: 39849.509 | D87: Manish Rajan | E87: TIPL:OL:020509-23 | F87: bangalore | G87: 9900230752 | H87: 9900230752 | I87: Laptop | J87: PPM51L-00C005 | K87: Portege M500 | L87: 76141837H | M87: Open
A88: 87 | B88: 39849.53 | D88: PRIYANKA | E88: TIPL:OL:020509-24 | F88: PANIPATH | G88: 2587292 | H88: 9253033906 | I88: Laptop | J88: PSME2G-00Q003 | K88: Satellite L310 | L88: 48079135W | M88: Reject
A89: 88 | B89: 39849.55 | D89: Shadab | E89: TIPL:OL:020509-27 | F89: Delhi | G89: 9470371285 | H89: 9470371285 | I89: Laptop | J89: PSAD6U-00R00D | K89: Satellite A135 | L89: 17269642K | M89: Open
A90: 89 | B90: 39849.579 | D90: Jacob ballas capital Ind pvt l | E90: TIPL:OL:020509-29 | F90: delhi | G90: 9899013007 | H90: 9899013007 | I90: Laptop | J90: PPR50L-04E039 | K90: Portege R500 | L90: 48070663H | M90: On Hold
A91: 90 | B91: 39849.589 | C91: 39860.543 | D91: Rosmerta Technologies Pvt.Ltd. | E91: TIPL:OL:020509-31 | F91: Delhi | G91: 410055 | H91: 9310011148 | I91: Laptop | J91: PPM51L-01800H | K91: Portege M500 | L91: 17078328H | M91: Close
A92: 91 | B92: 39849.606 | C92: 39864.537 | D92: AJAY | E92: TIPL:OL:020509-33 | F92: GURGAON | G92: 4177400 | H92: 9312490581 | I92: Laptop | J92: PPM60L-02C00F | K92: Portege M600 | L92: 97051060W | M92: Close
A93: 92 | B93: 39849.648 | C93: 39858.649 | D93: Barshan | E93: TIPL:OL:020509-39 | F93: Sircourt | G93: 9988690404 | H93: 9417078927 | I93: Laptop | J93: PSMC0L-00N00D | K93: Satellite M200 | L93: 67150234Q | M93: Close
A94: 93 | B94: 39849.657 | C94: 39863.699 | D94: Vivan Malhotra | E94: TIPL:OL:020509-40 | F94: Lucknow | G94: 9839360249 | H94: 9415993167 | I94: Laptop | J94: PTA83L-08L02N | K94: Satellite Pro A120 | L94: Z6087221H | M94: Close
A95: 94 | B95: 39849.658 | C95: 39857.769 | D95: Kishan Kumar | E95: TIPL:OL:020509-42 | F95: Nava Shahar | G95: 9814392852 | H95: 228131 | I95: Laptop | J95: PSLBGG-00N00N | K95: Satellite L300 | L95: 98749272Q | M95: Close
A96: 95 | B96: 39849.661 | C96: 39851.79 | D96: Anand | E96: TIPL:OL:020509-43 | F96: Bangalore | G96: 9980569479 | H96: 9008483823 | I96: Laptop | J96: PSME2G-00Q003 | K96: Satellite L310 | L96: 48079039W | M96: Close
A97: 96 | B97: 39849.674 | C97: 39853.795 | D97: Ankit | E97: TIPL:OL:020509-47 | F97: Ludhiana | G97: 9888689993 | H97: 9888689993 | I97: Laptop | J97: PSMC0L-02400D | K97: Satellite M200 | L97: 87121637Q | M97: Close
A98: 97 | B98: 39849.68 | C98: 39860.631 | D98: SRS Group | E98: TIPL:OL:020509-48 | F98: Faridabad | G98: 4108949 | H98: 9310454897 | I98: Laptop | J98: PSME2G-00Q003 | K98: Satellite L310 | L98: 58085710W | M98: Close
A99: 98 | B99: 39849.691 | C99: 39865.629 | D99: TASMEEN | E99: TIPL:OL:020509-50 | F99: JAIPUR | G99: 9799997740 | H99: 9414543241 | I99: Laptop | J99: PSME2G-00Q003 | K99: Satellite L310 | L99: 58085873W | M99: Close
A100: 99 | B100: 39849.714 | C100: 39850.547 | D100: Mow chatterjee | E100: TIPL:OL:020509-54 | F100: Kolkata | G100: 9474436615 | H100: 9836300404 | I100: Laptop | J100: PSAF3L-035012 | K100: Satellite A200 | L100: 77134715Q | M100: Close
...

Sheet Reverse LOOKUP
A1: Case Id | B1: Product | C1: Customer name | D1: City | E1: Model
A2: TIPL:OL:020209-23 | B2: {=INDEX('HelpDesk Data - 1'!$A$1:$M$636,MATCH('Reverse LOOKUP'!$A2,'HelpDesk Data - 1'!$E$1:$E$636,0),MATCH('Reverse LOOKUP'!B$1,'HelpDesk Data - 1'!$A$1:$M$1,0))} -> Laptop | C2: {=INDEX('HelpDesk Data - 1'!$A$1:$M$636,MATCH('Reverse LOOKUP'!$A2,'HelpDesk Data - 1'!$E$1:$E$636,0),MATCH('Reverse LOOKUP'!C$1,'HelpDesk Data - 1'!$A$1:$M$1,0))} -> Abaas | D2: {=INDEX('HelpDesk Data - 1'!$A$1:$M$636,MATCH('Reverse LOOKUP'!$A2,'HelpDesk Data - 1'!$E$1:$E$636,0),MATCH('Reverse LOOKUP'!D$1,'HelpDesk Data - 1'!$A$1:$M$1,0))} -> Delhi | E2: {=INDEX('HelpDesk Data - 1'!$A$1:$M$636,MATCH('Reverse LOOKUP'!$A2,'HelpDesk Data - 1'!$E$1:$E$636,0),MATCH('Reverse LOOKUP'!E$1,'HelpDesk Data - 1'!$A$1:$M$1,0))} -> Satellite L30
A3: TIPL:OL:020209-23 | B3: {=INDEX('HelpDesk Data - 1'!$A$1:$M$636,MATCH('Reverse LOOKUP'!$A3,'HelpDesk Data - 1'!$E$1:$E$636,0),MATCH('Reverse LOOKUP'!B$1,'HelpDesk Data - 1'!$A$1:$M$1,0))} -> Laptop | C3: {=INDEX('HelpDesk Data - 1'!$A$1:$M$636,MATCH('Reverse LOOKUP'!$A3,'HelpDesk Data - 1'!$E$1:$E$636,0),MATCH('Reverse LOOKUP'!C$1,'HelpDesk Data - 1'!$A$1:$M$1,0))} -> Abaas | D3: {=INDEX('HelpDesk Data - 1'!$A$1:$M$636,MATCH('Reverse LOOKUP'!$A3,'HelpDesk Data - 1'!$E$1:$E$636,0),MATCH('Reverse LOOKUP'!D$1,'HelpDesk Data - 1'!$A$1:$M$1,0))} -> Delhi | E3: {=INDEX('HelpDesk Data - 1'!$A$1:$M$636,MATCH('Reverse LOOKUP'!$A3,'HelpDesk Data - 1'!$E$1:$E$636,0),MATCH('Reverse LOOKUP'!E$1,'HelpDesk Data - 1'!$A$1:$M$1,0))} -> Satellite L30
A4: TIPL:OL:020609-18 | B4: {=INDEX('HelpDesk Data - 1'!$A$1:$M$636,MATCH('Reverse LOOKUP'!$A4,'HelpDesk Data - 1'!$E$1:$E$636,0),MATCH('Reverse LOOKUP'!B$1,'HelpDesk Data - 1'!$A$1:$M$1,0))} -> Laptop | C4: {=INDEX('HelpDesk Data - 1'!$A$1:$M$636,MATCH('Reverse LOOKUP'!$A4,'HelpDesk Data - 1'!$E$1:$E$636,0),MATCH('Reverse LOOKUP'!C$1,'HelpDesk Data - 1'!$A$1:$M$1,0))} -> Abhijeet | D4: {=INDEX('HelpDesk Data - 1'!$A$1:$M$636,MATCH('Reverse LOOKUP'!$A4,'HelpDesk Data - 1'!$E$1:$E$636,0),MATCH('Reverse LOOKUP'!D$1,'HelpDesk Data - 1'!$A$1:$M$1,0))} -> Pune | E4: {=INDEX('HelpDesk Data - 1'!$A$1:$M$636,MATCH('Reverse LOOKUP'!$A4,'HelpDesk Data - 1'!$E$1:$E$636,0),MATCH('Reverse LOOKUP'!E$1,'HelpDesk Data - 1'!$A$1:$M$1,0))} -> Portege R200
A5: TIPL:OL:021309-46 | B5: {=INDEX('HelpDesk Data - 1'!$A$1:$M$636,MATCH('Reverse LOOKUP'!$A5,'HelpDesk Data - 1'!$E$1:$E$636,0),MATCH('Reverse LOOKUP'!B$1,'HelpDesk Data - 1'!$A$1:$M$1,0))} -> Laptop | C5: {=INDEX('HelpDesk Data - 1'!$A$1:$M$636,MATCH('Reverse LOOKUP'!$A5,'HelpDesk Data - 1'!$E$1:$E$636,0),MATCH('Reverse LOOKUP'!C$1,'HelpDesk Data - 1'!$A$1:$M$1,0))} -> Abhijit gohain | D5: {=INDEX('HelpDesk Data - 1'!$A$1:$M$636,MATCH('Reverse LOOKUP'!$A5,'HelpDesk Data - 1'!$E$1:$E$636,0),MATCH('Reverse LOOKUP'!D$1,'HelpDesk Data - 1'!$A$1:$M$1,0))} -> Assam | E5: {=INDEX('HelpDesk Data - 1'!$A$1:$M$636,MATCH('Reverse LOOKUP'!$A5,'HelpDesk Data - 1'!$E$1:$E$636,0),MATCH('Reverse LOOKUP'!E$1,'HelpDesk Data - 1'!$A$1:$M$1,0))} -> Satellite M200
A6: TIPL:OL:021209-14 | B6: {=INDEX('HelpDesk Data - 1'!$A$1:$M$636,MATCH('Reverse LOOKUP'!$A6,'HelpDesk Data - 1'!$E$1:$E$636,0),MATCH('Reverse LOOKUP'!B$1,'HelpDesk Data - 1'!$A$1:$M$1,0))} -> Laptop | C6: {=INDEX('HelpDesk Data - 1'!$A$1:$M$636,MATCH('Reverse LOOKUP'!$A6,'HelpDesk Data - 1'!$E$1:$E$636,0),MATCH('Reverse LOOKUP'!C$1,'HelpDesk Data - 1'!$A$1:$M$1,0))} -> Abhilash Anand | D6: {=INDEX('HelpDesk Data - 1'!$A$1:$M$636,MATCH('Reverse LOOKUP'!$A6,'HelpDesk Data - 1'!$E$1:$E$636,0),MATCH('Reverse LOOKUP'!D$1,'HelpDesk Data - 1'!$A$1:$M$1,0))} -> Bangalore | E6: {=INDEX('HelpDesk Data - 1'!$A$1:$M$636,MATCH('Reverse LOOKUP'!$A6,'HelpDesk Data - 1'!$E$1:$E$636,0),MATCH('Reverse LOOKUP'!E$1,'HelpDesk Data - 1'!$A$1:$M$1,0))} -> Satellite A30
A7: TIPL:OL:021309-23 | B7: {=INDEX('HelpDesk Data - 1'!$A$1:$M$636,MATCH('Reverse LOOKUP'!$A7,'HelpDesk Data - 1'!$E$1:$E$636,0),MATCH('Reverse LOOKUP'!B$1,'HelpDesk Data - 1'!$A$1:$M$1,0))} -> Laptop | C7: {=INDEX('HelpDesk Data - 1'!$A$1:$M$636,MATCH('Reverse LOOKUP'!$A7,'HelpDesk Data - 1'!$E$1:$E$636,0),MATCH('Reverse LOOKUP'!C$1,'HelpDesk Data - 1'!$A$1:$M$1,0))} -> Abhinav | D7: {=INDEX('HelpDesk Data - 1'!$A$1:$M$636,MATCH('Reverse LOOKUP'!$A7,'HelpDesk Data - 1'!$E$1:$E$636,0),MATCH('Reverse LOOKUP'!D$1,'HelpDesk Data - 1'!$A$1:$M$1,0))} -> New Delhi | E7: {=INDEX('HelpDesk Data - 1'!$A$1:$M$636,MATCH('Reverse LOOKUP'!$A7,'HelpDesk Data - 1'!$E$1:$E$636,0),MATCH('Reverse LOOKUP'!E$1,'HelpDesk Data - 1'!$A$1:$M$1,0))} -> Satellite L300
A8: TIPL:OL:020409-11 | B8: {=INDEX('HelpDesk Data - 1'!$A$1:$M$636,MATCH('Reverse LOOKUP'!$A8,'HelpDesk Data - 1'!$E$1:$E$636,0),MATCH('Reverse LOOKUP'!B$1,'HelpDesk Data - 1'!$A$1:$M$1,0))} -> Laptop | C8: {=INDEX('HelpDesk Data - 1'!$A$1:$M$636,MATCH('Reverse LOOKUP'!$A8,'HelpDesk Data - 1'!$E$1:$E$636,0),MATCH('Reverse LOOKUP'!C$1,'HelpDesk Data - 1'!$A$1:$M$1,0))} -> Abhishek | D8: {=INDEX('HelpDesk Data - 1'!$A$1:$M$636,MATCH('Reverse LOOKUP'!$A8,'HelpDesk Data - 1'!$E$1:$E$636,0),MATCH('Reverse LOOKUP'!D$1,'HelpDesk Data - 1'!$A$1:$M$1,0))} -> Allahabad | E8: {=INDEX('HelpDesk Data - 1'!$A$1:$M$636,MATCH('Reverse LOOKUP'!$A8,'HelpDesk Data - 1'!$E$1:$E$636,0),MATCH('Reverse LOOKUP'!E$1,'HelpDesk Data - 1'!$A$1:$M$1,0))} -> Satellite L40
A9: TIPL:OL:021009-9 | B9: {=INDEX('HelpDesk Data - 1'!$A$1:$M$636,MATCH('Reverse LOOKUP'!$A9,'HelpDesk Data - 1'!$E$1:$E$636,0),MATCH('Reverse LOOKUP'!B$1,'HelpDesk Data - 1'!$A$1:$M$1,0))} -> Laptop | C9: {=INDEX('HelpDesk Data - 1'!$A$1:$M$636,MATCH('Reverse LOOKUP'!$A9,'HelpDesk Data - 1'!$E$1:$E$636,0),MATCH('Reverse LOOKUP'!C$1,'HelpDesk Data - 1'!$A$1:$M$1,0))} -> Abhishek | D9: {=INDEX('HelpDesk Data - 1'!$A$1:$M$636,MATCH('Reverse LOOKUP'!$A9,'HelpDesk Data - 1'!$E$1:$E$636,0),MATCH('Reverse LOOKUP'!D$1,'HelpDesk Data - 1'!$A$1:$M$1,0))} -> Bangalore | E9: {=INDEX('HelpDesk Data - 1'!$A$1:$M$636,MATCH('Reverse LOOKUP'!$A9,'HelpDesk Data - 1'!$E$1:$E$636,0),MATCH('Reverse LOOKUP'!E$1,'HelpDesk Data - 1'!$A$1:$M$1,0))} -> Satellite A200
A10: TIPL:OL:021109-32 | B10: {=INDEX('HelpDesk Data - 1'!$A$1:$M$636,MATCH('Reverse LOOKUP'!$A10,'HelpDesk Data - 1'!$E$1:$E$636,0),MATCH('Reverse LOOKUP'!B$1,'HelpDesk Data - 1'!$A$1:$M$1,0))} -> Laptop | C10: {=INDEX('HelpDesk Data - 1'!$A$1:$M$636,MATCH('Reverse LOOKUP'!$A10,'HelpDesk Data - 1'!$E$1:$E$636,0),MATCH('Reverse LOOKUP'!C$1,'HelpDesk Data - 1'!$A$1:$M$1,0))} -> Abhishek | D10: {=INDEX('HelpDesk Data - 1'!$A$1:$M$636,MATCH('Reverse LOOKUP'!$A10,'HelpDesk Data - 1'!$E$1:$E$636,0),MATCH('Reverse LOOKUP'!D$1,'HelpDesk Data - 1'!$A$1:$M$1,0))} -> Bangalore | E10: {=INDEX('HelpDesk Data - 1'!$A$1:$M$636,MATCH('Reverse LOOKUP'!$A10,'HelpDesk Data - 1'!$E$1:$E$636,0),MATCH('Reverse LOOKUP'!E$1,'HelpDesk Data - 1'!$A$1:$M$1,0))} -> Tecra M3
A11: TIPL:OL:021309-25 | B11: {=INDEX('HelpDesk Data - 1'!$A$1:$M$636,MATCH('Reverse LOOKUP'!$A11,'HelpDesk Data - 1'!$E$1:$E$636,0),MATCH('Reverse LOOKUP'!B$1,'HelpDesk Data - 1'!$A$1:$M$1,0))} -> Laptop | C11: {=INDEX('HelpDesk Data - 1'!$A$1:$M$636,MATCH('Reverse LOOKUP'!$A11,'HelpDesk Data - 1'!$E$1:$E$636,0),MATCH('Reverse LOOKUP'!C$1,'HelpDesk Data - 1'!$A$1:$M$1,0))} -> Abhishek | D11: {=INDEX('HelpDesk Data - 1'!$A$1:$M$636,MATCH('Reverse LOOKUP'!$A11,'HelpDesk Data - 1'!$E$1:$E$636,0),MATCH('Reverse LOOKUP'!D$1,'HelpDesk Data - 1'!$A$1:$M$1,0))} -> Delhi | E11: {=INDEX('HelpDesk Data - 1'!$A$1:$M$636,MATCH('Reverse LOOKUP'!$A11,'HelpDesk Data - 1'!$E$1:$E$636,0),MATCH('Reverse LOOKUP'!E$1,'HelpDesk Data - 1'!$A$1:$M$1,0))} -> Satellite M200
A12: TIPL:OL:020709-41 | B12: {=INDEX('HelpDesk Data - 1'!$A$1:$M$636,MATCH('Reverse LOOKUP'!$A12,'HelpDesk Data - 1'!$E$1:$E$636,0),MATCH('Reverse LOOKUP'!B$1,'HelpDesk Data - 1'!$A$1:$M$1,0))} -> Laptop | C12: {=INDEX('HelpDesk Data - 1'!$A$1:$M$636,MATCH('Reverse LOOKUP'!$A12,'HelpDesk Data - 1'!$E$1:$E$636,0),MATCH('Reverse LOOKUP'!C$1,'HelpDesk Data - 1'!$A$1:$M$1,0))} -> Abhishek Roy | D12: {=INDEX('HelpDesk Data - 1'!$A$1:$M$636,MATCH('Reverse LOOKUP'!$A12,'HelpDesk Data - 1'!$E$1:$E$636,0),MATCH('Reverse LOOKUP'!D$1,'HelpDesk Data - 1'!$A$1:$M$1,0))} -> Lucknow | E12: {=INDEX('HelpDesk Data - 1'!$A$1:$M$636,MATCH('Reverse LOOKUP'!$A12,'HelpDesk Data - 1'!$E$1:$E$636,0),MATCH('Reverse LOOKUP'!E$1,'HelpDesk Data - 1'!$A$1:$M$1,0))} -> Satellite L300
A13: TIPL:OL:020309-28 | B13: {=INDEX('HelpDesk Data - 1'!$A$1:$M$636,MATCH('Reverse LOOKUP'!$A13,'HelpDesk Data - 1'!$E$1:$E$636,0),MATCH('Reverse LOOKUP'!B$1,'HelpDesk Data - 1'!$A$1:$M$1,0))} -> Laptop | C13: {=INDEX('HelpDesk Data - 1'!$A$1:$M$636,MATCH('Reverse LOOKUP'!$A13,'HelpDesk Data - 1'!$E$1:$E$636,0),MATCH('Reverse LOOKUP'!C$1,'HelpDesk Data - 1'!$A$1:$M$1,0))} -> ABID | D13: {=INDEX('HelpDesk Data - 1'!$A$1:$M$636,MATCH('Reverse LOOKUP'!$A13,'HelpDesk Data - 1'!$E$1:$E$636,0),MATCH('Reverse LOOKUP'!D$1,'HelpDesk Data - 1'!$A$1:$M$1,0))} -> PUNE | E13: {=INDEX('HelpDesk Data - 1'!$A$1:$M$636,MATCH('Reverse LOOKUP'!$A13,'HelpDesk Data - 1'!$E$1:$E$636,0),MATCH('Reverse LOOKUP'!E$1,'HelpDesk Data - 1'!$A$1:$M$1,0))} -> Satellite A100
... A16: TIPL:OL:021109-20 | B16: {=INDEX('HelpDesk Data - 1'!$A$1:$M$636,MATCH('Reverse LOOKUP'!$A16,'HelpDesk Data - 1'!$E$1:$E$636,0),MATCH('Reverse LOOKUP'!B$1,'HelpDesk Data - 1'!$A$1:$M$1,0))} -> Laptop | C16: {=INDEX('HelpDesk Data - 1'!$A$1:$M$636,MATCH('Reverse LOOKUP'!$A16,'HelpDesk Data - 1'!$E$1:$E$636,0),MATCH('Reverse LOOKUP'!C$1,'HelpDesk Data - 1'!$A$1:$M$1,0))} -> Ajay | D16: {=INDEX('HelpDesk Data - 1'!$A$1:$M$636,MATCH('Reverse LOOKUP'!$A16,'HelpDesk Data - 1'!$E$1:$E$636,0),MATCH('Reverse LOOKUP'!D$1,'HelpDesk Data - 1'!$A$1:$M$1,0))} -> Delhi | E16: {=INDEX('HelpDesk Data - 1'!$A$1:$M$636,MATCH('Reverse LOOKUP'!$A16,'HelpDesk Data - 1'!$E$1:$E$636,0),MATCH('Reverse LOOKUP'!E$1,'HelpDesk Data - 1'!$A$1:$M$1,0))} -> Satellite M200
A17: TIPL:OL:021709-20
A18: TIPL:OL:020709-66
A19: TIPL:OL:020909-25
A20: TIPL:OL:021709-40
A21: TIPL:OL:021309-19
A22: TIPL:OL:020509-43
A23: TIPL:OL:021109-22
A24: TIPL:OL:020209-24
A25: TIPL:OL:021709-74
A26: TIPL:OL:020509-47
A27: TIPL:OL:020609-47
A28: TIPL:OL:020409-34
... A243: TIPL:OL:021609-22

Sheet HLOOKUP
A1: Product ID | B1: GH12 | C1: RT43 | D1: 25Y6 | E1: G65E | F1: HJ4O | G1: 49Y6 | H1: XC3W | I1: X236 | J1: FL76 | K1: YU47 | L1: GT5E
A2: Name | B2: Zinc | C2: Copper | D2: Iron | E2: Cobalt | F2: Slate | G2: Steel | H2: Cement | I2: Gypsum | J2: Sodium | K2: Chlorine | L2: Carbon
A3: Units Sold | B3: 25 | C3: 34 | D3: 78 | E3: 62 | F3: 12 | G3: 5 | H3: 87 | I3: 15 | J3: 76 | K3: 22 | L3: 19
A6: Product ID | B6: Name | C6: Units Sold
A7: GH12 | B7: =IFERROR(HLOOKUP($A7,$A$1:$L$3,2,0),"--") -> Zinc | C7: =IFERROR(HLOOKUP($A7,$A$1:$L$3,3,0),"--") -> 25 | I7: Product ID | J7: Name | K7: Units Sold | M7: Product ID | N7: Units Sold | O7: Name
A8: HJ4O | B8: =IFERROR(HLOOKUP($A8,$A$1:$L$3,2,0),"--") -> Slate | C8: =IFERROR(HLOOKUP($A8,$A$1:$L$3,3,0),"--") -> 12 | I8: GH12 | J8: Zinc | K8: 25 | M8: GH12 | N8: {=VLOOKUP($M8,$I$7:$K$18,{3,2},0)} -> 25 | O8: Zinc
A9: DF4W | B9: =IFERROR(HLOOKUP($A9,$A$1:$L$3,2,0),"--") -> -- | C9: =IFERROR(HLOOKUP($A9,$A$1:$L$3,3,0),"--") -> -- | I9: RT43 | J9: Copper | K9: 34 | M9: RT43 | N9: {=VLOOKUP($M9,$I$7:$K$18,{3,2},0)} -> 34 | O9: Copper
A10: 49Y6 | B10: =IFERROR(HLOOKUP($A10,$A$1:$L$3,2,0),"--") -> Steel | C10: =IFERROR(HLOOKUP($A10,$A$1:$L$3,3,0),"--") -> 5 | I10: 25Y6 | J10: Iron | K10: 78 | M10: 25Y6 | N10: {=VLOOKUP($M10,$I$7:$K$18,{3,2},0)} -> 78 | O10: Iron
A11: FL76 | B11: =IFERROR(HLOOKUP($A11,$A$1:$L$3,2,0),"--") -> Sodium | C11: =IFERROR(HLOOKUP($A11,$A$1:$L$3,3,0),"--") -> 76 | I11: G65E | J11: Cobalt | K11: 62 | M11: G65E | N11: {=VLOOKUP($M11,$I$7:$K$18,{3,2},0)} -> 62 | O11: Cobalt
A12: YU47 | B12: =IFERROR(HLOOKUP($A12,$A$1:$L$3,2,0),"--") -> Chlorine | C12: =IFERROR(HLOOKUP($A12,$A$1:$L$3,3,0),"--") -> 22 | I12: HJ4O | J12: Slate | K12: 12 | M12: HJ4O | N12: {=VLOOKUP($M12,$I$7:$K$18,{3,2},0)} -> 12 | O12: Slate
I13: 49Y6 | J13: Steel | K13: 5 | M13: 49Y6 | N13: {=VLOOKUP($M13,$I$7:$K$18,{3,2},0)} -> 5 | O13: Steel
I14: XC3W | J14: Cement | K14: 87 | M14: XC3W | N14: {=VLOOKUP($M14,$I$7:$K$18,{3,2},0)} -> 87 | O14: Cement
I15: X236 | J15: Gypsum | K15: 15 | M15: X236 | N15: {=VLOOKUP($M15,$I$7:$K$18,{3,2},0)} -> 15 | O15: Gypsum
I16: FL76 | J16: Sodium | K16: 76 | M16: FL76 | N16: {=VLOOKUP($M16,$I$7:$K$18,{3,2},0)} -> 76 | O16: Sodium
I17: YU47 | J17: Chlorine | K17: 22 | M17: YU47 | N17: {=VLOOKUP($M17,$I$7:$K$18,{3,2},0)} -> 22 | O17: Chlorine
I18: GT5E | J18: Carbon | K18: 19 | M18: GT5E | N18: {=VLOOKUP($M18,$I$7:$K$18,{3,2},0)} -> 19 | O18: Carbon

Sheet SUBTOTAL
A1: =SUBTOTAL(4,A3:A51) -> 39210 | D1: =SUBTOTAL(3,D3:D51) -> 49 | E1: =SUBTOTAL(9,E3:E51) -> 2074
A2: Date | B2: Customer | C2: Trans | D2: Item | E2: Units | F2: Unit Cost | G2: Total | I2: Function No (Includes Hidden Values) | J2: Function No (Ignores Hidden Values) | K2: Function
A3: 39066 | B3: Jones | C3: Purchase | D3: Pen Set | E3: 7 | F3: 1.99 | G3: =F3*E3 -> 13.93 | I3: 1 | J3: 101 | K3: AVERAGE
A4: 39069 | B4: Kivell | C4: Sale | D4: Binder | E4: 85 | F4: 19.99 | G4: =F4*E4 -> 1699.15 | I4: 2 | J4: 102 | K4: COUNT
A5: 39072 | B5: Howard | C5: Sale | D5: Pen Set | E5: 62 | F5: 4.99 | G5: =F5*E5 -> 309.38 | I5: 3 | J5: 103 | K5: COUNTA
A6: 39075 | B6: Gill | C6: Purchase | D6: Pen | E6: 58 | F6: 19.99 | G6: =F6*E6 -> 1159.42 | I6: 4 | J6: 104 | K6: MAX | O6: Product | P6: Quantity | Q6: Unit Cost | R6: Discount
A7: 39078 | B7: Anderson | C7: Sale | D7: Binder | E7: 10 | F7: 4.99 | G7: =F7*E7 -> 49.9 | I7: 5 | J7: 105 | K7: MIN | O7: a | P7: 10 | Q7: 12 | R7: 0.07
A8: 39081 | B8: Anderson | C8: Sale | D8: Pen Set | E8: 24 | F8: 2.99 | G8: =F8*E8 -> 71.76 | I8: 6 | J8: 106 | K8: PRODUCT | O8: b | P8: 4 | Q8: 45 | R8: 0
A9: 39084 | B9: Anderson | C9: Purchase | D9: Pen Set | E9: 6 | F9: 1.99 | G9: =F9*E9 -> 11.94 | I9: 7 | J9: 107 | K9: STDEV | O9: c | P9: 5 | Q9: 10 | R9: 0.02
A10: 39087 | B10: Howard | C10: Purchase | D10: Pen Set | E10: 10 | F10: 4.99 | G10: =F10*E10 -> 49.9 | I10: 8 | J10: 108 | K10: STDEVP | O10: d | P10: 1 | Q10: 100 | R10: 0.05
A11: 39090 | B11: Howard | C11: Sale | D11: Pen Set | E11: 39 | F11: 1.99 | G11: =F11*E11 -> 77.61 | I11: 9 | J11: 109 | K11: SUM | O11: e | P11: 2 | Q11: 450 | R11: 0.25
A12: 39093 | B12: Jones | C12: Sale | D12: Binder | E12: 1 | F12: 8.99 | G12: =F12*E12 -> 8.99 | I12: 10 | J12: 110 | K12: VAR
A13: 39096 | B13: Kivell | C13: Purchase | D13: Pen Set | E13: 80 | F13: 4.99 | G13: =F13*E13 -> 399.2 | I13: 11 | J13: 111 | K13: VARP
A14: 39099 | B14: Howard | C14: Sale | D14: Binder | E14: 51 | F14: 1.99 | G14: =F14*E14 -> 101.49
A15: 39102 | B15: Parent | C15: Purchase | D15: Binder | E15: 10 | F15: 19.99 | G15: =F15*E15 -> 199.9
A16: 39105 | B16: Jones | C16: Sale | D16: Pen Set | E16: 15 | F16: 4.99 | G16: =F16*E16 -> 74.85 | Q16: =SUMPRODUCT(P7:P11,Q7:Q11)-SUMPRODUCT(P7:P11,Q7:Q11,R7:R11) -> 1110.6
A17: 39108 | B17: Anderson | C17: Purchase | D17: Desk | E17: 31 | F17: 125 | G17: =F17*E17 -> 3875 | P17: {=SUM(IF(O7:O11="c",P7:P11*Q7:Q11))} -> 50
A18: 39111 | B18: Jones | C18: Purchase | D18: Pen Set | E18: 46 | F18: 15.99 | G18: =F18*E18 -> 735.54
A19: 39114 | B19: Kivell | C19: Purchase | D19: Binder | E19: 61 | F19: 8.99 | G19: =F19*E19 -> 548.39
A20: 39117 | B20: Jones | C20: Sale | D20: Pen | E20: 90 | F20: 8.99 | G20: =F20*E20 -> 809.1
A21: 39120 | B21: Parent | C21: Sale | D21: Pen | E21: 43 | F21: 19.99 | G21: =F21*E21 -> 859.57
A22: 39123 | B22: Kivell | C22: Sale | D22: Pen Set | E22: 32 | F22: 4.99 | G22: =F22*E22 -> 159.68
A23: 39126 | B23: Smith | C23: Purchase | D23: Pen Set | E23: 37 | F23: 1.29 | G23: =F23*E23 -> 47.73
A24: 39129 | B24: Parent | C24: Purchase | D24: Pen Set | E24: 26 | F24: 15.99 | G24: =F24*E24 -> 415.74
A25: 39132 | B25: Gill | C25: Sale | D25: Binder | E25: 52 | F25: 8.99 | G25: =F25*E25 -> 467.48
A26: 39135 | B26: Smith | C26: Sale | D26: Pen Set | E26: 72 | F26: 15 | G26: =F26*E26 -> 1080
A27: 39138 | B27: Jones | C27: Sale | D27: Pen Set | E27: 27 | F27: 4.99 | G27: =F27*E27 -> 134.73
A28: 39141 | B28: Jones | C28: Purchase | D28: Binder | E28: 5 | F28: 19.99 | G28: =F28*E28 -> 99.95
A29: 39144 | B29: Howard | C29: Purchase | D29: Pen Set | E29: 59 | F29: 4.99 | G29: =F29*E29 -> 294.41
... A51: 39210 | B51: Gill | C51: Sale | D51: Binder | E51: 19 | F51: 4.99 | G51: =F51*E51 -> 94.81
F56: Items | G56: Quantity | H56: Unit Price | I56: Discount
F57: A | G57: 20 | H57: 100 | I57: 0.05
F58: B | G58: 10 | H58: 40 | I58: 0.2
F59: C | G59: 1 | H59: 5 | I59: 0
F60: D | G60: 5 | H60: 20 | I60: 0.03
F61: E | G61: 2 | H61: 35 | I61: 0.1
G66: =SUMPRODUCT(G57:G61,H57:H61)-SUMPRODUCT(G57:G61,H57:H61,I57:I61) -> 2385

Sheet SUMPRODUCT
A1: Item | B1: Quantity | C1: Unit Cost
A2: Alice Mutton | B2: 61 | C2: 8.99
A3: Aniseed Syrup | B3: 62 | C3: 4.99 | E3: =SUMPRODUCT(B2:B41,C2:C41) -> 28146.93
A4: Boston Crab Meat | B4: 25 | C4: 1.29
A5: Carnarvon Tigers | B5: 90 | C5: 8.99
A6: Chai | B6: 7 | C6: 1.99 | G6: =SUMPRODUCT(B:B,C:C) -> 28146.93
A7: Chang | B7: 85 | C7: 19.99
A8: Chartreuse verte | B8: 53 | C8: 19.99
A9: Chef Anton's Cajun Seasoning | B9: 58 | C9: 19.99 | F9: pen | G9: 10 | H9: 15 | I9: 0.05
A10: Chef Anton's Gumbo Mix | B10: 10 | C10: 4.99 | F10: eraser | G10: 4 | H10: 5 | I10: 0.2
A11: Côte de Blaye | B11: 33 | C11: 1.99 | F11: pencil | G11: 20 | H11: 7 | I11: 0
A12: Geitost | B12: 75 | C12: 4.99
A13: Genen Shouyu | B13: 31 | C13: 125
A14: Gorgonzola Telino | B14: 21 | C14: 8.99 | I14: =SUMPRODUCT(G9:G11,H9:H11)-SUMPRODUCT(G9:G11,H9:H11,I9:I11) -> 298.5
A15: Grandma's Boysenberry Spread | B15: 24 | C15: 2.99
A16: Gravad lax | B16: 90 | C16: 1.29
A17: Guaraná Fantástica | B17: 72 | C17: 15
A18: Gumbär Gummibärchen | B18: 5 | C18: 19.99
A19: Gustaf's Knäckebröd | B19: 26 | C19: 15.99
A20: Ikura | B20: 1 | C20: 8.99
A21: Inlagd Sill | B21: 8 | C21: 275
A22: Konbu | B22: 10 | C22: 19.99
A23: Mascarpone Fabioli | B23: 52 | C23: 125
A24: Mishi Kobe Niku | B24: 39 | C24: 1.99
A25: Nord-Ost Matjeshering | B25: 61 | C25: 1.29
A26: Northwoods Cranberry Sauce | B26: 10 | C26: 4.99
... A41: Uncle Bob's Organic Dried Pears | B41: 6 | C41: 1.99

Sheet OFFSET
X1: =SUM(OFFSET(Q2,2,3,5,1)) -> 15
B2: =offset(reference,rows,cols,height,width) | X2: =SUM(OFFSET(R4,0,2,5,1)) -> 15
X3: =SUM(OFFSET(T4,0,0,5,1)) -> 15
B4: Reference | C4: Starting Point | L4: =SUM(I10:J18) -> 63 | T4: 1 | X4: =SUM(OFFSET(R9,-5,2,5,1)) -> 15
B5: Rows | C5: Starting Point -> Actual Range | T5: 2 | X5: =SUM(OFFSET(W10,-6,-3,5,1)) -> 15
B6: Columns | C6: Starting Point -> Actual Range | F6: Reference | G6: Col - 1 | H6: Col - 2 | I6: Col - 3 | T6: 3
B7: Height | C7: No. of Rows | F7: Row - 1 | T7: 4
B8: Width | C8: No. of Columns | F8: Row - 2 | T8: 5
F9: Row - 3 | I9: Width - 1 | J9: Width - 2
F10: Rows - 4 | H10: Height - 1 | I10: 1 | J10: 2 | M10: =SUM(OFFSET(F6,4,3,5000,2)) -> 209
H11: Height - 2 | I11: 2 | J11: 3
H12: Height - 3 | I12: 3 | J12: 4
H13: Height - 4 | I13: 1 | J13: 8
H14: Height - 5 | I14: 5 | J14: 2
H15: Height - 6 | I15: 6 | J15: 1
H16: Height - 7 | I16: 7 | J16: 5
B17: =offset(F6,4,3,9,2) | D17: =SUM(OFFSET(F6,4,3,COUNT(I10:I1048576),2)) -> 209 | H17: Height - 8 | I17: 1 | J17: 4
H18: Height - 9 | I18: 2 | J18: 6
I19: 34
I20: 45
I21: 67
